 Dungeon Crawl Stone Soup version 0.30-a0-187-gd9c2deaf24 (webtiles) character file.

Game seed: 15715484215281427581

1721920 sleeves the Sorcerer (level 27, 184/184 HPs)
             Began as a Djinni Reaver on Oct 3, 2022.
             Was the Champion of Hepliaklqana.
             Escaped with the Orb
             ... and 3 runes on Oct 4, 2022!
             The game lasted 04:09:51 (68316 turns).

sleeves the Sorcerer (Djinni Reaver)               Turns: 68316, Time: 04:09:51

Health: 184/184    AC: 34    Str: 28    XL:     27
Gold:   2868       EV: 14    Int: 40    God:    Hepliaklqana [******] SH: 27 Dex: 13

rFire   + + +      SeeInvis .    b - +9 trident of Jaraown {vorpal, +Blink rPois Int+4 Dex-4}
rCold   + + +      Faith    .    N - +7 tower shield
rNeg    + + .      Spirit   .    H - +9 plate armour of Isaas {Drain rElec rF+ rN+ Regen+}
rPois   ∞          Reflect  .    V - -2 hat of the Alchemist {rElec rPois rF+ rC+ rN+ Will+ rMut rCorr}
rElec   +          Harm     .    A - +1 cloak "Omoluo Xuigg" {rElec rPois Will+ Int+4}
rCorr   +          Rampage  .    j - +2 pair of gloves of the Ward {Str+5}
rMut    +                        (boots unavailable)
Will    +++++                    S - amulet of Nacamis {rC++ Regen+ rCorr}
Stlth   +.........               s - ring of Xeacybal {Will+ Str+6 Int+4 Slay-4}
HPRegen 2.10/turn                J - ring of Zoxokh {rC+ Int+6 Dex+2}
MPRegen 0.00/turn

@: flying, studying 2 skills
A: reduced essence, sickness immunity, fire resistance 2, cold vulnerability 1,
float, innate caster, HP casting, extra vitality 1, iridescent scales 1, shaggy
fur 1, strong 1
0: Orb of Zot
}: 3/15 runes: serpentine, barnacled, slimy
a: Renounce Religion, Evoke Blink, Recall Ancestor, Ancestor Identity,
Transference, Idealise


You escaped.
You worshipped Hepliaklqana.
Hepliaklqana was exalted by your worship.
You visited 11 branches of the dungeon, and saw 54 of its levels.
You visited the Abyss 1 time.
You visited 2 bazaars.
You also visited: Gauntlet.

You collected 6613 gold pieces.
You spent 3745 gold pieces at shops.

Inventory:

Hand Weapons
 a - a +9 quick blade of freezing
   (You took it off a deep elf blademaster on level 2 of the Elven Halls)
 b - the +9 trident of Jaraown (weapon) {vorpal, +Blink rPois Int+4 Dex-4}
   (You found it on level 5 of the Lair of Beasts)

   It inflicts extra damage upon your enemies.
   Int:       It affects your intelligence (+4).
   Dex:       It affects your dexterity (-4).
   rPois:     It protects you from poison.
   +Blink:    It lets you blink.
 c - a +3 demon blade of protection
   (You took it off Mara on level 3 of the Elven Halls)
Armour
 j - the +2 pair of gloves of the Ward (worn) {Str+5}
   (You bought it in a shop on level 14 of the Dungeon)

   Str:       It affects your strength (+5).
 v - the +1 cloak of the Will of the Gods {rC+ MP-9 Int+4}
   (You found it on level 3 of the Crypt)

   Int:       It affects your intelligence (+4).
   rC:        It protects you from cold.
   MP:        It affects your magic capacity (-9).
 A - the +1 cloak "Omoluo Xuigg" (worn) {rElec rPois Will+ Int+4}
   (You found it on level 3 of the Depths)

   Int:       It affects your intelligence (+4).
   rElec:     It insulates you from electricity.
   rPois:     It protects you from poison.
   Will:      It increases your willpower.
 H - the +9 plate armour of Isaas (worn) {Drain rElec rF+ rN+ Regen+}
   (You acquired it on level 11 of the Dungeon)

   rF:        It protects you from fire.
   rElec:     It insulates you from electricity.
   rN:        It protects you from negative energy.
   Regen:     It increases your rate of health regeneration.
   Drain:     It drains your maximum health when unequipped.
 L - a +1 helmet of intelligence
   (You bought it in a shop on level 14 of the Dungeon)
 N - a +7 tower shield (worn)
   (You took it off Mennas on level 1 of the Crypt)
 Q - the +2 scale mail of Wrong Decisions {rF+ Will++}
   (You found it on level 1 of the Snake Pit)

   rF:        It protects you from fire.
   Will:      It greatly increases your willpower.
 U - a +2 kite shield of cold resistance
   (You took it off a naga warrior on level 4 of the Snake Pit)
 V - the -2 hat of the Alchemist (worn) {rElec rPois rF+ rC+ rN+ Will+ rMut rCorr}
   (You found it on level 3 of the Depths)

   rF:        It protects you from fire.
   rC:        It protects you from cold.
   rElec:     It insulates you from electricity.
   rPois:     It protects you from poison.
   rN:        It protects you from negative energy.
   rCorr:     It protects you from acid and corrosion.
   rMut:      It protects you from mutation.
   Will:      It increases your willpower.
Jewellery
 g - the ring of Activism {rElec Int+6}
   (You found it on level 5 of the Pits of Slime)

   [ring of intelligence]

   Int:       It affects your intelligence (+6).
   rElec:     It insulates you from electricity.
 s - the ring of Xeacybal (left hand) {Will+ Str+6 Int+4 Slay-4}
   (You took it off a deep elf demonologist on level 3 of the Elven Halls)

   [ring of strength]

   Str:       It affects your strength (+6).
   Int:       It affects your intelligence (+4).
   Slay:      It affects your accuracy & damage with ranged weapons and melee
   (-4).
   Will:      It increases your willpower.
 x - a ring of see invisible
   (You found it on level 1 of the Elven Halls)
 y - the amulet "Cuinaif" {rN+ Regen+ Str-4 Dex+2 Stlth+}
   (You found it on level 1 of the Vaults)

   [amulet of regeneration]

   Str:       It affects your strength (-4).
   Dex:       It affects your dexterity (+2).
   rN:        It protects you from negative energy.
   Regen:     It increases your rate of health regeneration.
   Stlth:     It makes you more stealthy.
 G - a +6 ring of dexterity
   (You took it off a hell knight on level 3 of the Depths)
 J - the ring of Zoxokh (right hand) {rC+ Int+6 Dex+2}
   (You took it off a deep elf sorcerer on level 3 of the Elven Halls)

   [ring of intelligence]

   Int:       It affects your intelligence (+6).
   Dex:       It affects your dexterity (+2).
   rC:        It protects you from cold.
 P - a +4 ring of evasion
   (You found it on level 3 of the Realm of Zot)
 S - the amulet of Nacamis (around neck) {rC++ Regen+ rCorr}
   (You bought it in a shop on level 1 of the Orcish Mines)

   [amulet of regeneration]

   rC:        It greatly protects you from cold.
   Regen:     It increases your rate of health regeneration.
   rCorr:     It protects you from acid and corrosion.
 T - the ring of Zuhaanui {rElec rN+}
   (You found it on level 3 of the Crypt)

   [ring of positive energy]

   rElec:     It insulates you from electricity.
   rN:        It protects you from negative energy.
 Z - the ring "Gedy" {Will++ Int+4 Slay+4}
   (You bought it in a shop in a bazaar)

   [ring of slaying]

   Int:       It affects your intelligence (+4).
   Slay:      It affects your accuracy & damage with ranged weapons and melee
   (+4).
   Will:      It greatly increases your willpower.
Wands
 w - a wand of digging (13)
   (You found it on level 1 of the Snake Pit)
 I - a wand of light (12)
   (You found it on level 6 of the Dungeon)
 K - a wand of roots (42)
   (You found it on level 10 of the Dungeon)
Scrolls
 e - 14 scrolls of poison
 f - 3 scrolls of blinking
 m - 12 scrolls of teleportation
 q - 2 scrolls of summoning
 r - 14 scrolls of butterflies
 u - 2 scrolls of torment
 D - 9 scrolls of fear
 E - 2 scrolls of magic mapping
 W - 7 scrolls of silence
 Y - 5 scrolls of enchant weapon
Potions
 d - 4 potions of ambrosia
 h - 9 potions of mutation
 i - 3 potions of resistance
 k - 5 potions of haste
 l - 2 potions of heal wounds
 n - 12 potions of brilliance
 p - 14 potions of lignification
 t - 12 potions of attraction
 z - 3 potions of cancellation
 B - 3 potions of invisibility
 F - 21 potions of curing
 O - 4 potions of might
 R - 3 potions of berserk rage
Miscellaneous
 o - a condenser vane
   (You found it on level 5 of the Pits of Slime)
 C - a lightning rod (4/4)
   (You found it on level 3 of the Depths)
 M - a phantom mirror
   (You found it on level 10 of the Dungeon)
 X - a phial of floods
   (You found it on level 3 of the Elven Halls)


   Skills:
 - Level 20.0 Fighting
 - Level 14.0 Long Blades
 - Level 17.0 Armour
 - Level 20.0 Dodging
 - Level 16.0 Stealth
 - Level 19.0 Shields
 + Level 22.5 Spellcasting
 - Level 12.0 Invocations


You couldn't memorise any spells.
You knew the following spells:

 Your Spells              Type           Power      Damage    Failure   Level
a - Kiss of Death         Conj/Necr      100%       2d13      0%          1
b - Momentum Strike       Conj/Tloc      100%       3d10      0%          2
c - Hailstorm             Conj/Ice       100%       3d20      0%          3
d - Summon Small Mammal   Summ           100%       N/A       0%          1
e - Passwall              Tmut/Erth      100%       N/A       0%          2
f - Swiftness             Air            100%       N/A       0%          3
g - Summon Guardian Gole  Hex/Summ       100%       N/A       0%          3
h - Anguish               Hex/Necr       61%        N/A       0%          4
i - Irradiate             Conj/Tmut      61%        3d32      0%          5
j - Eringya's Noxious Bo  Tmut/Pois      61%        N/A       1%          6
k - Simulacrum            Ice/Necr       61%        N/A       1%          6
l - Iron Shot             Conj/Erth      61%        9d11      1%          6
m - Spellforged Servitor  Conj/Summ      61%        N/A       1%          7
n - Disjunction           Tloc           61%        N/A       4%          8
o - Polar Vortex          Ice            61%        N/A       52%         9
p - Fire Storm            Conj/Fire      61%        8d15      52%         9
Your spell library was empty.

Dungeon Overview and Level Annotations

Branches:
Dungeon (15/15)            Temple (0/1) D:6            Lair (5/5) D:10
 Shoals (4/4) Lair:3        Snake (4/4) Lair:3        Slime (5/5) Lair:4
    Orc (2/2) D:9             Elf (3/3) Orc:2        Vaults (4/5) D:13
  Crypt (3/3) Vaults:2       Tomb (0/3) Crypt:3      Depths (4/4) D:15
    Zot (5/5) Depths:4    Gauntlet (visited)

Altars:
Dithmenos
Elyvilon
Gozag
Hepliaklqana
Makhleb
Okawaru
Qazlal
Ru
Uskayaw
Wu Jian
Xom
Yredelemnul
Zin
Jiyva

Shops:
D:2 ?[   D:5 *   D:10 *   D:14 [   D:15 !   Orc:1 =   Orc:2 [*(:   Shoals:2 =*
Shoals:3 *   Vaults:2 !   Vaults:3 ?   Depths:1 *   Depths:4 ==:!

Portals:
Hell: Depths:1 Depths:2 Depths:3 Depths:4
Abyss: Depths:3
Pandemonium: Depths:2
Ziggurat: Depths:1
Trove: Depths:4 (give 17 scrolls of teleportation)

Annotations:
D:5 Edmund
D:8 exclusions: 4 ice devils, ice statue and 2 more exclusions
D:12 2 transporters, trckry's ghost, adept FoEE
D:13 3 runed translucent doors
D:14 1 runed translucent door, CertainDeath's ghost, journeyman MiMo
Lair:2 1 runed translucent door, benadryl's ghost, journeyman TrFi
Shoals:1 2 transporters, porpoise's ghost, adept TrWr
Elf:3 3 runed translucent doors, hellse's ghost, adept VSFi
Zot:4 2 transporters, exclusion: 2 orange crystal statues, Ofiett's ghost, veteran TrCK; Vyqe's ghost, master MfIE


Innate Abilities, Weirdness & Mutations

Your life essence is reduced to manifest your ancestor. (-10% HP)
You are immune to sickness and miasma.
You are immune to poison.
Your flesh is very heat resistant. (rF++)
You are vulnerable to cold. (rC-)
You float through the air rather than walking.
You learn spells naturally, not from books.
Your magical power is your life essence.
You have superior vitality. (+4 MHP)
You are partially covered in iridescent scales. (AC +2)
You are covered in fur. (AC +1)
Your muscles are strong. (Str +4, Int/Dex -1)


Message History

Aim: an ancient lich (poison gas, heavily damaged, not watching you, ally target, 81% to hit)
The iron shot hits the ancient lich!!!
You destroy the ancient lich!
Bozidara hits the electric golem with a +0 lajatang of freezing!
Bozidara freezes the electric golem.
The electric golem is destroyed!
Casting: Iron Shot (mildly dangerous; 1% risk of failure)
Confirm with . or Enter, or press ? or * to list all spells.
You can't see any susceptible monsters within range! (Use Z to cast anyway.) Unknown command.
Found a potion of curing.
The Killer Klown pies you viciously!
The klown pie hits Bozidara!
Blueberry!
Bozidara loses the ability to speak.
What are your orders? t - Shout!
Orders for allies: a - Attack new target. r - Retreat! s - Stop attacking. g - Guard the area. f - Follow me.
Anything else - Cancel.
Gang up on whom?
Press: ? - help, Dir - move target, f - Killer Klown
Aim: a Killer Klown, wielding a +12 vorpal club (ally target) Attack!
The Killer Klown blinks!
Your spellforged servitor points at the Killer Klown and mumbles some strange words.
The iron shot hits the Killer Klown!!
You swap places.
Casting: Iron Shot (mildly dangerous; 1% risk of failure)
Confirm with . or Enter, or press ? or * to list all spells.
Aiming: Iron Shot (mildly dangerous; 1% risk of failure)
Press: ? - help, Shift-Dir - straight line, f/p - Killer Klown
Aim: a Killer Klown, wielding a +12 vorpal club (lightly wounded, ally target, 68% to hit)
The iron shot misses the Killer Klown.
Bozidara closely misses the Killer Klown.
The Killer Klown blinks!
Your green draconian simulacrum hits the Killer Klown.
Your green draconian simulacrum freezes the Killer Klown!!
Your green draconian simulacrum barely misses the Killer Klown.
Casting: Iron Shot (mildly dangerous; 1% risk of failure)
Confirm with . or Enter, or press ? or * to list all spells.
Aiming: Iron Shot (mildly dangerous; 1% risk of failure)
Press: ? - help, Shift-Dir - straight line, f/p - Killer Klown
Aim: a Killer Klown, wielding a +12 vorpal club (moderately wounded, ally target, 68% to hit)
The iron shot hits the Killer Klown!!!
The Killer Klown is heavily wounded.
The Killer Klown blinks!
Your spellforged servitor points at the Killer Klown and mumbles some strange words.
The iron shot hits the Killer Klown!!
Casting: Iron Shot (mildly dangerous; 1% risk of failure)
Confirm with . or Enter, or press ? or * to list all spells.
You can't see any susceptible monsters within range! (Use Z to cast anyway.) Unknown command.
Casting: Iron Shot (mildly dangerous; 1% risk of failure)
Confirm with . or Enter, or press ? or * to list all spells.
You can't see any susceptible monsters within range! (Use Z to cast anyway.) Unknown command.
Bozidara is no longer mute.
Your spellforged servitor casts a spell at the Killer Klown.
The iron shot hits the Killer Klown!!!
The Killer Klown dies!
Your spellforged servitor disappears in a puff of smoke!
Things that are here:
a +11 club of electrocution; a Killer Klown corpse
Found a scroll of identify.
F - 21 potions of curing (gained 1) Really fly into that permanent teleport trap? [Y]es or [N]o only, please.
Really fly into that permanent teleport trap?
Okay, then.
An Orb Guardian comes into view.
The iron shot hits the Orb Guardian!!!
The Orb Guardian is severely wounded.
Bozidara casts a spell.
Bozidara seems to speed up.
The iron shot hits the Orb Guardian!!!
You kill the Orb Guardian!
Casting: Iron Shot (mildly dangerous; 1% risk of failure)
Confirm with . or Enter, or press ? or * to list all spells.
You don't know that spell.
An Orb Guardian comes into view.
Casting: Iron Shot (mildly dangerous; 1% risk of failure)
Confirm with . or Enter, or press ? or * to list all spells.
You summon a servant imbued with your destructive magic!
Your spellforged servitor points at the Orb Guardian and mumbles some strange words.
The iron shot hits the Orb Guardian!!!
You hit the Orb Guardian but do no damage.
The Orb Guardian is heavily wounded.
You block the Orb Guardian's attack.
Your spellforged servitor points at the Orb Guardian and mumbles some strange words.
The iron shot hits the Orb Guardian!!!
Bozidara gestures at the Orb Guardian while chanting.
The bolt of magma hits the Orb Guardian!!!
The Orb Guardian dies!
You swap places.
An Orb Guardian comes into view. x2
An Orb Guardian comes into view.
Found a scroll of enchant armour.
What are your orders? t - Shout!
Orders for allies: a - Attack new target. r - Retreat! s - Stop attacking. g - Guard the area. f - Follow me.
Anything else - Cancel.
Follow me!
Casting: Spellforged Servitor (mildly dangerous; 1% risk of failure)
Confirm with . or Enter, or press ? or * to list all spells.
Aiming: Simulacrum (mildly dangerous; 1% risk of failure)
Press: ? - help, Shift-Dir - straight line, f - Orb Guardian
Aim: an Orb Guardian You freeze the Orb Guardian's soul.
The Orb Guardian hits Bozidara!
Casting: Simulacrum (mildly dangerous; 1% risk of failure)
Confirm with . or Enter, or press ? or * to list all spells.
Aiming: Simulacrum (mildly dangerous; 1% risk of failure)
Press: ? - help, Shift-Dir - straight line, f - Orb Guardian, p - Orb Guardian
Aim: an Orb Guardian You freeze the Orb Guardian's soul.
The Orb Guardian hits Bozidara!!
Really fire in your spellforged servitor's direction?
Okay, then.
You reach to attack!
You hit the Orb Guardian but do no damage.
Bozidara hits the Orb Guardian with a +0 lajatang of freezing!!
Bozidara freezes the Orb Guardian!
The Orb Guardian hits Bozidara!!!
The Orb Guardian hits Bozidara!!
Your spellforged servitor gestures at the Orb Guardian while chanting.
The iron shot hits the Orb Guardian!!
Bozidara points at the Orb Guardian and mumbles some strange words.
The crystal spear hits the Orb Guardian!!
The Orb Guardian completely misses Bozidara.
The Orb Guardian closely misses your spellforged servitor.
You reach to attack!
You closely miss the Orb Guardian.
The Orb Guardian is severely wounded.
Bozidara gestures at the Orb Guardian while chanting.
The bolt of magma hits the Orb Guardian!!
The Orb Guardian hits Bozidara!
Bozidara is destroyed!
Your green draconian simulacrum hits the Orb Guardian!
Your green draconian simulacrum freezes the Orb Guardian!!!
The Orb Guardian dies!
A freezing mist starts to gather... x3
The Orb Guardian hits your green draconian simulacrum!!
Your green draconian simulacrum hits the Orb Guardian but does no damage.
Your green draconian simulacrum completely misses the Orb Guardian.
You could not reach far enough!
The Orb Guardian hits your green draconian simulacrum!
The Orb Guardian barely misses your green draconian simulacrum.
A black draconian comes into view. It is wielding a +0 mace.
The Orb Guardian hits your green draconian simulacrum!!
Your green draconian simulacrum vaporises!
An Orb Guardian comes into view.
Your green draconian simulacrum hits the Orb Guardian!
Your green draconian simulacrum freezes the Orb Guardian!!
The Orb Guardian dies!
A freezing mist starts to gather... x4
Casting: Iron Shot (mildly dangerous; 1% risk of failure)
Confirm with . or Enter, or press ? or * to list all spells.
Aiming: Simulacrum (mildly dangerous; 1% risk of failure)
Press: ? - help, Shift-Dir - straight line, f - Orb Guardian
Aim: an Orb Guardian (freezing vapour, ally target)
You freeze the Orb Guardian's soul.
The Orb Guardian is engulfed in freezing vapours.
The Orb Guardian hits your green draconian simulacrum!!
Your spellforged servitor points at the Orb Guardian and mumbles some strange words.
The iron shot hits the Orb Guardian!!!
Your green draconian simulacrum hits the Orb Guardian.
Your green draconian simulacrum freezes the Orb Guardian!!
The Orb Guardian dies!
A freezing mist starts to gather... x5
No target in view!
No target in view!
A black draconian is nearby!
You swap places.
Something barely misses your Orb Guardian simulacrum.
The black draconian hits your Orb Guardian simulacrum with a +0 mace.
Your Orb Guardian simulacrum hits the black draconian!
Your Orb Guardian simulacrum freezes the black draconian!!!
Something hits your Orb Guardian simulacrum.
You swap places.
Found the Orb of Zot.
The black draconian hits your Orb Guardian simulacrum with a +0 mace!!
Your Orb Guardian simulacrum hits the black draconian.
Your Orb Guardian simulacrum freezes the black draconian!
The black draconian seems to slow down.
Your Orb Guardian simulacrum hits the black draconian!
Your Orb Guardian simulacrum freezes the black draconian!!
The black draconian seems to slow down.
The black draconian dies!
Something hits your Orb Guardian simulacrum!
An Orb Guardian comes into view.
You swap places.
An Orb Guardian comes into view.
Your Orb Guardian simulacrum hits the Orb Guardian but does no damage.
The Orb Guardian barely misses your Orb Guardian simulacrum.
Your Orb Guardian simulacrum hits the Orb Guardian!!
Your Orb Guardian simulacrum freezes the Orb Guardian!!
Your Orb Guardian simulacrum hits the Orb Guardian!!
Your Orb Guardian simulacrum freezes the Orb Guardian!!
The Orb Guardian dies!
You swap places.
An Orb Guardian comes into view.
Your Orb Guardian simulacrum hits the Orb Guardian.
Your Orb Guardian simulacrum freezes the Orb Guardian!
The Orb Guardian hits your Orb Guardian simulacrum!!
Your Orb Guardian simulacrum misses the Orb Guardian.
You swap places.
The Orb Guardian hits your Orb Guardian simulacrum!
The Orb Guardian hits your Orb Guardian simulacrum!!
Your Orb Guardian simulacrum vaporises!
Your Orb Guardian simulacrum hits the Orb Guardian!
Your Orb Guardian simulacrum freezes the Orb Guardian!!!
Casting: Simulacrum (mildly dangerous; 1% risk of failure)
Confirm with . or Enter, or press ? or * to list all spells.
Aiming: Iron Shot (mildly dangerous; 1% risk of failure)
Press: ? - help, Shift-Dir - straight line, f - Orb Guardian
Aim: an Orb Guardian (almost dead, ally target, 73% to hit)
Really fire in your Orb Guardian simulacrum's direction? [Y]es or [N]o only, please.
Really fire in your Orb Guardian simulacrum's direction? [Y]es or [N]o only, please.
Really fire in your Orb Guardian simulacrum's direction?
Okay, then.
Unknown command.
Casting: Iron Shot (mildly dangerous; 1% risk of failure)
Confirm with . or Enter, or press ? or * to list all spells.
Aiming: Simulacrum (mildly dangerous; 1% risk of failure)
Press: ? - help, Shift-Dir - straight line, f/p - Orb Guardian
Aim: an Orb Guardian (almost dead, ally target)
You freeze the Orb Guardian's soul.
The Orb Guardian barely misses your Orb Guardian simulacrum.
The Orb Guardian hits your Orb Guardian simulacrum!!!
Your Orb Guardian simulacrum vaporises!
Your Orb Guardian simulacrum hits the Orb Guardian but does no damage.
The Orb Guardian barely misses your Orb Guardian simulacrum.
Casting: Simulacrum (mildly dangerous; 1% risk of failure)
Confirm with . or Enter, or press ? or * to list all spells.
Aiming: Simulacrum (mildly dangerous; 1% risk of failure)
Press: ? - help, Shift-Dir - straight line, f - Orb Guardian, p - Orb Guardian
Aim: an Orb Guardian (ally target)
You freeze the Orb Guardian's soul.
Your Orb Guardian simulacrum barely misses the Orb Guardian.
The Orb Guardian hits your Orb Guardian simulacrum!!
Your Orb Guardian simulacrum vaporises!
The Orb Guardian is engulfed in freezing vapours.
The Orb Guardian barely misses your Orb Guardian simulacrum.
The Orb Guardian hits your Orb Guardian simulacrum!!
Casting: Simulacrum (mildly dangerous; 1% risk of failure)
Confirm with . or Enter, or press ? or * to list all spells.
Aiming: Simulacrum (mildly dangerous; 1% risk of failure)
Press: ? - help, Shift-Dir - straight line, f - Orb Guardian, p - Orb Guardian
Aim: an Orb Guardian You freeze the Orb Guardian's soul.
Your Orb Guardian simulacrum closely misses the Orb Guardian.
The Orb Guardian hits your Orb Guardian simulacrum!!
Your Orb Guardian simulacrum hits the Orb Guardian!!
Your Orb Guardian simulacrum freezes the Orb Guardian!!!
The Orb Guardian is engulfed in freezing vapours.
The Orb Guardian hits your Orb Guardian simulacrum. x2
Your Orb Guardian simulacrum hits the Orb Guardian!!
The Orb Guardian dies!
A freezing mist starts to gather... x4
The Orb Guardian hits your Orb Guardian simulacrum!
Your Orb Guardian simulacrum vaporises!
Your Orb Guardian simulacrum barely misses the Orb Guardian.
Your Orb Guardian simulacrum hits the Orb Guardian!!
The Orb Guardian dies!
A freezing mist starts to gather... x2
The Orb Guardian is engulfed in freezing vapours.
You block the Orb Guardian's attack.
You hit the Orb Guardian.
The Orb Guardian is lightly wounded.
Your Orb Guardian simulacrum hits the Orb Guardian!!
Your Orb Guardian simulacrum freezes the Orb Guardian!!!
The Orb Guardian is engulfed in freezing vapours.
The Orb Guardian hits you but does no damage.
Your Orb Guardian simulacrum hits the Orb Guardian.
Your Orb Guardian simulacrum freezes the Orb Guardian!!
The Orb Guardian dies!
A freezing mist starts to gather... x4
No target in view!
You swap places.
You swap places.
Things that are here:
a +0 mace; a black draconian corpse You swap places.
Your pack is full.
You see here a scroll of enchant armour.
As you read the scroll of enchant armour, it crumbles to dust.
Your +6 tower shield glows green for a moment.
You swap places.
You see here the Orb of Zot.
You pick up the Orb of Zot!
The Orb lets out a hideous shriek!
The lords of Pandemonium are not amused.
Beware!
Now all you have to do is get back out of the dungeon!
Okay, then.
You swap places.
You swap places.
You swap places.
You swap places.
Things that are here:
a +0 mace; a black draconian corpse Your green draconian simulacrum vaporises!
Bozidara is still trapped in memory!
You swap places.
You swap places.
You swap places.
Really fly into that permanent teleport trap?
You enter a permanent teleport trap!
Your surroundings seem slightly different.
You swap places.
Really fly into that permanent teleport trap?
You enter a permanent teleport trap!
Your surroundings suddenly seem different.
An Ice Fiend comes into view.
The Ice Fiend moves out of view.
Bozidara emerges from the mists of memory!
Really fly into that permanent teleport trap?
You enter a permanent teleport trap!
Your surroundings suddenly seem different.
Really fly into that permanent teleport trap?
You enter a permanent teleport trap!
Your surroundings suddenly seem different.
There is a stone staircase leading up here.
You fly upwards.
Level annotation: 2 transporters, exclusion: 2 orange crystal statues, Ofiett's ghost, veteran TrCK; Vyqe's ghost, master MfIE The golden dragon roars deafeningly!
The white draconian roars!
There is a stone staircase leading down here.
Bozidara is recalled.
You can't go up here!
There is a stone staircase leading up here.
You fly upwards.
There is a stone staircase leading down here.
You see here a +0 halberd.
A Tzitzimitl comes into view.
You can't go up here!
Casting: Simulacrum (mildly dangerous; 1% risk of failure)
Confirm with . or Enter, or press ? or * to list all spells.
You don't know that spell.
You can't see any susceptible monsters within range! (Use Z to cast anyway.)
The iron shot hits the Tzitzimitl!!!
The Tzitzimitl is severely wounded.
Bozidara mumbles some strange words.
Bozidara seems to speed up.
The Tzitzimitl gestures at you. The bolt of negative energy hits you!
You partially resist.
You feel drained.
The bolt of negative energy hits Bozidara.
Bozidara completely resists.
The iron shot hits the Tzitzimitl!!
The Tzitzimitl is almost dead.
The Tzitzimitl calls on the powers of darkness!
Your body is wracked with pain!
You are too injured to fight recklessly!
Casting: Iron Shot (mildly dangerous; 1% risk of failure)
Confirm with . or Enter, or press ? or * to list all spells.
Aiming: Iron Shot (mildly dangerous; 1% risk of failure)
Press: ? - help, Shift-Dir - straight line, f/p - Tzitzimitl
Aim: a Tzitzimitl (almost dead, ally target, 66% to hit)
The iron shot hits the Tzitzimitl!!!
You kill the Tzitzimitl!
A Luotwoj and a red devil come into view.
The red devil is wielding a +1 demon trident of venom.
You can't go up here!
Press: ? - help, v - describe, . - travel The floor.
This square is covered in magical glow.
Blink to where?
Press: ? - help, Dir - move target
As you read the scroll of blinking, it crumbles to dust.
Bozidara casts a spell at the red devil.
The crystal spear hits the red devil!!!
The red devil dies!
Your life force feels restored.
A mysterious force pulls you upwards. The hatch slams shut behind you.
Bozidara is recalled.
You swap places.
There is an open door here.
There is an open door here.
There is a stone staircase leading up here.
You fly upwards.
There is a stone staircase leading down here.
A seraph and an angel come into view.
The seraph is wielding a +3 great sword of flaming.
The angel is wielding a +1 whip of holy wrath.
You can't go up here!
Casting: Iron Shot (mildly dangerous; 1% risk of failure)
Confirm with . or Enter, or press ? or * to list all spells.
You summon a servant imbued with your destructive magic!
Bozidara is no longer moving quickly.
Bozidara casts a spell at the angel.
The crystal spear hits the angel!!!
The angel attacks as you move away! The angel closely misses you.
You block the angel's attack.
Bozidara casts a spell at the angel.
The bolt of magma hits the angel!!
Your spellforged servitor casts a spell at the angel.
The iron shot hits the angel!!!
The angel dies!
The iron shot hits the seraph!!
The seraph is lightly wounded.
The seraph shouts a warning to its allies!
Bozidara gestures at the seraph while chanting.
The bolt of magma hits the seraph!
The seraph partially resists.
The seraph gestures.
The seraph begins to accept its allies' injuries.
The iron shot misses the seraph.
Bozidara gestures at the seraph while chanting.
The bolt of magma hits the moth of wrath!!!
The bolt of magma hits the seraph but does no damage.
The seraph shouts a warning to its allies!
Your spellforged servitor gestures at the seraph while chanting.
The iron shot hits the seraph!!!
The iron shot hits the moth of wrath!!!
The moth of wrath is almost dead.
The seraph gestures.
Bozidara casts a spell.
Bozidara seems to speed up.
The seraph gestures.
The seraph begins to accept its allies' injuries.
The iron shot hits the moth of wrath!!!
You kill the moth of wrath!
The angel hits Bozidara with a +2 whip of holy wrath! x2
The seraph shouts a warning to its allies!
Bozidara barely misses the angel.
The iron shot misses the seraph.
The iron shot hits the cherub!!!
The cherub is moderately wounded.
The seraph gestures.
The angel barely misses Bozidara.
The angel hits Bozidara with a +2 whip of holy wrath!
Bozidara hits the angel with a +0 lajatang of freezing!!!
Bozidara freezes the angel!
The seraph dies!
The cherub dissolves into sparkling lights!
The angel dissolves into sparkling lights! x3
The cherub dissolves into sparkling lights! x2
The daeva dissolves into sparkling lights!
Your Spellcasting skill increases to level 22!
You can't see any susceptible monsters within range! (Use Z to cast anyway.)
There is an open door here.
HP restored.
Ancestor HP restored.
There is a gate leading back out of this place here.
Unknown command.
You fly up through the gate.
Welcome back to the Depths!
Your summoned ally is left behind.
There is a gate to the Realm of Zot here.
Things that are here:
a +2 dire flail of protection; a +0 dire flail
There is an open door here.
Things that are here:
a +0 cloak; a +0 vampiric dagger
There is a fountain of clear blue water here.
There is an open door here.
Bozidara is no longer moving quickly.
There is a stone staircase leading up here.
You fly upwards.
There is a stone staircase leading down here.
You swap places.
You see here a +0 troll leather armour.
A Hell Sentinel comes into view.
You see here a +0 spear.
You can't go up here!
The Hell Sentinel moves out of view.
Things that are here:
a +0 buckler; a +0 robe; a +1 rapier of speed You see here a +0 spear.
There is a stone staircase leading up here.
You fly upwards.
There is a stone staircase leading down here.
There is an open door here.
There is an open door here.
There is a stone staircase leading up here.
You fly upwards.
There is a stone staircase leading down here.
You swap places.
An Orb Guardian comes into view.
You see here 4 large rocks.
You can't go up here!
Bozidara completely misses the Orb Guardian.
Bozidara gestures at the Orb Guardian while chanting.
The bolt of magma hits the Orb Guardian!!
The iron shot hits the Orb Guardian!!!
The Orb Guardian is almost dead.
The iron shot hits the Orb Guardian!!
You kill the Orb Guardian!
HP restored.
A ynoxinul and a small abomination come into view.
You can't go up here!
The ynoxinul moves out of view.
You hear a grinding noise.
You hear a grinding noise.
Bozidara hits the small abomination with a +0 lajatang of freezing!
Bozidara freezes the small abomination.
The small abomination hits Bozidara.
Bozidara hits the small abomination with a +0 lajatang of freezing!!
Bozidara freezes the small abomination.
The small abomination is destroyed!
You hear a grinding noise.
There is a staircase back to the Dungeon here.
You fly upwards.
Welcome back to the Dungeon!
There is a staircase to the Depths here.
Bozidara is recalled.
You swap places.
A red devil comes into view.
It is wielding a +0 demon trident of freezing.
You can't go up here!
The iron shot hits the red devil!!!
You kill the red devil!
You can't see any susceptible monsters within range! (Use Z to cast anyway.)
There is an open door here.
Dasaus comes into view.
Dasaus hisses, "Embrace submission, thou tasty snackling!"
A rust devil comes into view.
Things that are here:
a +0 robe; a +0 dagger You can't go up here!
Press: ? - help, v - describe, . - travel
Here: Dasaus (ally target)
The floor.
Unknown command.
Casting: Iron Shot (mildly dangerous; 1% risk of failure)
Confirm with . or Enter, or press ? or * to list all spells.
You summon a servant imbued with your destructive magic!
You block Dasaus's attack. Dasaus attacks as you move away!
Dasaus hits you but does no damage.
Bozidara casts a spell at Dasaus.
The bolt of magma hits Dasaus!!
Dasaus partially resists.
Your spellforged servitor points at Dasaus and mumbles some strange words.
The iron shot hits Dasaus!!
Bozidara hits Dasaus with a +0 lajatang of freezing!!
Bozidara freezes Dasaus.
Dasaus hits you but does no damage.
The iron shot hits Dasaus!!!
Dasaus is severely wounded.
Dasaus hits you but does no damage.
The rust devil misses Bozidara.
Bozidara points at Dasaus and mumbles some strange words.
The bolt of magma hits Dasaus!
Dasaus partially resists.
The iron shot misses Dasaus.
The iron shot hits the rust devil!!!
You kill the rust devil!
Dasaus hits Bozidara!!
Your spellforged servitor casts a spell at Dasaus.
The iron shot hits Dasaus!!!
Dasaus dies!
A demonspawn warmonger and a demonspawn black sun come into view.
The demonspawn warmonger is wielding a +3 vorpal battleaxe and wearing a +3 chain mail of willpower.
The demonspawn black sun is wielding a +1 demon whip of electrocution.
You can't go up here!
The iron shot hits the demonspawn black sun!!!
The demonspawn black sun is heavily wounded.
The iron shot hits the demonspawn black sun!!!
The demonspawn black sun is almost dead.
The demonspawn black sun prays to Kikubaaqudgha.
The demonspawn warmonger begins absorbing vital energies!
The demonspawn black sun begins absorbing vital energies!
The iron shot hits the demonspawn warmonger!!!
The demonspawn warmonger is heavily wounded.
Your spellforged servitor gestures at the demonspawn black sun while chanting.
The iron shot hits the demonspawn black sun!!!
The demonspawn black sun dies!
A reaper comes into view. It is wielding a +5 scythe of venom.
The demonspawn warmonger unwields a +3 vorpal battleaxe.
The demonspawn warmonger wields a +5 longbow of flaming.
It bursts into flame!
The demonspawn warmonger shoots an arrow.
You block the arrow.
The iron shot hits the demonspawn warmonger!!!
You kill the demonspawn warmonger!
Bozidara mumbles some strange words.
Bozidara seems to speed up.
The iron shot hits the reaper!!!
The reaper is severely wounded.
Your spellforged servitor points at the reaper and mumbles some strange words.
The iron shot misses the reaper.
The iron shot hits the reaper!!!
You kill the reaper!
(D) Dungeon (T) Temple (L) Lair (A) Shoals (P) Snake Pit (M) Slime Pits (O) Orcish Mines (E) Elven Halls (V) Vaults (C) Crypt (W) Tomb (U) Depths (H) Hell (Z) Zot
Where to? (Enter - D:15 @ (x,y), ? - help)
Items here: ))) [.
There is an open door here.
Things that are here:
a +0 robe; a +0 dagger HP restored.
Ancestor HP restored.
Your spellforged servitor disappears in a puff of smoke!
A Xaryliu, a small abomination and a tentacled monstrosity come into view.
You can't go up here!
Casting: Iron Shot (mildly dangerous; 1% risk of failure)
Confirm with . or Enter, or press ? or * to list all spells.
You don't know that spell.
Press: ? - help, v - describe, . - travel
Here: Xaryliu The floor.
Unknown command.
Casting: Iron Shot (mildly dangerous; 1% risk of failure)
Confirm with . or Enter, or press ? or * to list all spells.
You summon a servant imbued with your destructive magic!
The iron shot hits the tentacled monstrosity!!!
The tentacled monstrosity is heavily wounded.
Bozidara gestures at the tentacled monstrosity while chanting.
The crystal spear hits the tentacled monstrosity!!
Bozidara casts a spell at the tentacled monstrosity.
The crystal spear hits the tentacled monstrosity!!!
The tentacled monstrosity dies!
Your spellforged servitor gestures at Xaryliu while chanting.
The iron shot hits Xaryliu!!!
Really fire in your spellforged servitor's direction?
Okay, then.
Casting: Iron Shot (mildly dangerous; 1% risk of failure)
Confirm with . or Enter, or press ? or * to list all spells.
You don't know that spell.
Xaryliu gestures.
Lightning arcs from Xaryliu's claws!
The bolt of lightning hits your spellforged servitor!!
Your spellforged servitor resists.
The bolt of lightning hits Bozidara!!!
The bolt of lightning hits you!! You resist.
The bolt of lightning hits Xaryliu.
The bolt of lightning hits the small abomination!!!
The small abomination is destroyed!
There is a stone staircase leading up here.
Casting: Iron Shot (mildly dangerous; 1% risk of failure)
Confirm with . or Enter, or press ? or * to list all spells.
Aiming: Iron Shot (mildly dangerous; 1% risk of failure)
Press: ? - help, Shift-Dir - straight line, f/p - Xaryliu
Aim: Xaryliu (moderately wounded, not watching you, ally target, 100% to hit)
Okay, then.
Your spellforged servitor casts a spell at Xaryliu.
The iron shot hits Xaryliu!!
Bozidara hits Xaryliu with a +0 lajatang of freezing!
Bozidara freezes Xaryliu.
Xaryliu gestures at you.
The lance of force hits you but does no damage.
Unknown command.
Casting: Iron Shot (mildly dangerous; 1% risk of failure)
Confirm with . or Enter, or press ? or * to list all spells.
You don't know that spell.
Casting: Iron Shot (mildly dangerous; 1% risk of failure)
Confirm with . or Enter, or press ? or * to list all spells.
Aiming: Iron Shot (mildly dangerous; 1% risk of failure)
Press: ? - help, Shift-Dir - straight line, f/p - Xaryliu
Aim: Xaryliu (heavily wounded, ally target, 100% to hit)
The iron shot hits Xaryliu!!!
Xaryliu is almost dead.
Bozidara is no longer moving quickly.
Bozidara hits Xaryliu with a +0 lajatang of freezing!!
Bozidara freezes Xaryliu.
Xaryliu dies!
There is a stone staircase leading up here.
You fly upwards.
Your summoned ally is left behind.
Level annotation: 1 runed translucent door, CertainDeath's ghost, journeyman MiMo
There is a stone staircase leading down here.
There is an open door here.
HP restored.
There is an open door, spattered with blood here.
You see here a ring of wizardry.
There is a stone staircase leading up here.
You fly upwards.
Level annotation: 3 runed translucent doors
There is a stone staircase leading down here.
Jaskesuigh comes into view. It is armed with a distorting touch.
Jaskesuigh roars, "Embrace thy fall, thou skyhacking toot-wallowing pumpion!"
A blizzard demon comes into view.
You can't go up here!
Press: ? - help, v - describe, . - travel
Here: Jaskesuigh, armed with a distorting touch The floor.
Unknown command.
Unknown command.
Casting: Iron Shot (mildly dangerous; 1% risk of failure)
Confirm with . or Enter, or press ? or * to list all spells.
You don't know that spell.
Unknown command.
Unknown command.
Casting: Iron Shot (mildly dangerous; 1% risk of failure)
Confirm with . or Enter, or press ? or * to list all spells.
You summon a servant imbued with your destructive magic!
Jaskesuigh hits Bozidara.
Space warps around Bozidara.
A soul eater comes into view.
Bozidara avoids your attack.
The iron shot misses Jaskesuigh.
Jaskesuigh barely misses Bozidara.
Bozidara hits Jaskesuigh with a +0 lajatang of freezing!!!
Bozidara freezes Jaskesuigh!
Bozidara avoids your attack.
The iron shot hits Jaskesuigh!!!
Jaskesuigh is moderately wounded.
Jaskesuigh hits Bozidara!!
Bozidara blinks!
Bozidara hits the blizzard demon with a +0 lajatang of freezing!!!
Bozidara freezes the blizzard demon.
The iron shot hits Jaskesuigh!!!
Jaskesuigh is heavily wounded.
Bozidara gestures at Jaskesuigh while chanting.
The crystal spear hits the blizzard demon!!
The blizzard demon dies!
You block Jaskesuigh's attack.
The iron shot hits Jaskesuigh!!!
Jaskesuigh is severely wounded.
You block Jaskesuigh's attack.
Your spellforged servitor gestures at Jaskesuigh while chanting.
The iron shot hits Jaskesuigh!!!
The soul eater hits your spellforged servitor!
The iron shot misses Jaskesuigh.
The iron shot hits the soul eater!!!
The soul eater is severely wounded.
Jaskesuigh hits your spellforged servitor but does no damage.
Your spellforged servitor blinks!
Bozidara gestures at Jaskesuigh while chanting.
The crystal spear hits the soul eater!!
The soul eater dies!
The iron shot misses Jaskesuigh.
Jaskesuigh hits your spellforged servitor but does no damage.
Your spellforged servitor is devoured by a tear in reality.
The iron shot misses Jaskesuigh.
Bozidara avoids your attack.
Bozidara hits Jaskesuigh with a +0 lajatang of freezing!
Jaskesuigh hits Bozidara!!
Bozidara blinks!
The iron shot hits Jaskesuigh!!!!
You kill Jaskesuigh!
Things that are here:
a +0 shortbow; a +0 shortbow
There is a stone staircase leading up here.
You fly upwards.
Level annotation: 2 transporters, trckry's ghost, adept FoEE
There is a stone staircase leading down here.
Bozidara is recalled.
HP restored.
There is an escape hatch in the ceiling, spattered with blood here.
There is a stone staircase leading up here.
You fly upwards.
There is a stone staircase leading down here.
There is a stone staircase leading up here.
You fly upwards.
There is a stone staircase leading down here.
Ancestor HP restored.
A balrug and 3 sun demons come into view.
You can't go up here!
Bozidara avoids your attack.
The iron shot misses the sun demon.
Bozidara points at the sun demon and mumbles some strange words.
The crystal spear hits the sun demon!!!
Bozidara avoids your attack.
The iron shot hits the sun demon!!!
You kill the sun demon!
Bozidara casts a spell at the sun demon.
The bolt of magma hits the sun demon!
The sun demon partially resists.
Bozidara avoids your attack.
The iron shot misses the sun demon.
Bozidara avoids your attack.
The iron shot hits the sun demon!!!
You kill the sun demon!
A sun demon comes into view.
Bozidara casts a spell.
Bozidara seems to speed up.
The iron shot hits the balrug!!!
The balrug is severely wounded.
Bozidara points at the balrug and mumbles some strange words.
The bolt of magma hits the balrug!!
The balrug partially resists.
The balrug hits Bozidara with a +0 demon whip!
Bozidara is engulfed in flames!
Bozidara resists.
Bozidara hits the balrug with a +0 lajatang of freezing.
Bozidara freezes the balrug.
The iron shot misses the sun demon.
The balrug hits Bozidara with a +0 demon whip!
Bozidara is engulfed in flames!
Bozidara resists.
Bozidara hits the balrug with a +0 lajatang of freezing!!!
Bozidara freezes the balrug.
The balrug dies!
The sun demon misses you.
The iron shot hits the sun demon!!!
The sun demon is almost dead.
Bozidara hits the sun demon with a +0 lajatang of freezing!!
Bozidara freezes the sun demon.
The sun demon dies!
Bozidara hits the sun demon with a +0 lajatang of freezing!!!
Bozidara freezes the sun demon!
The sun demon dies!
You can't see any susceptible monsters within range! (Use Z to cast anyway.)
There is an open door here.
HP restored.
There is a stone staircase leading up here.
You fly upwards.
There is a stone staircase leading down here.
Ancestor HP restored.
Bozidara is no longer moving quickly. 3 hellwings and a smoke demon come into view.
You can't go up here!
There are monsters nearby!
The iron shot hits the hellwing!!!
You kill the hellwing!
You can't see any susceptible monsters within range! (Use Z to cast anyway.)
You can't see any susceptible monsters within range! (Use Z to cast anyway.)
A smoke demon comes into view.
The smoke demon roars!
The hellwing swoops through the air toward you!
You block the hellwing's attack. x2; The hellwing hits Bozidara!
The hellwing hits Bozidara but does no damage.
The iron shot hits the hellwing!!!
You kill the hellwing!
Bozidara hits the hellwing with a +0 lajatang of freezing!!
Bozidara freezes the hellwing!
The hellwing barely misses Bozidara.
The hellwing hits Bozidara but does no damage.
The smoke demon gestures at you.
The sticky flame hits you but does no damage.
You resist.
You are covered in liquid flames!
The smoke demon gestures at you.
The sticky flame hits you but does no damage.
You are covered in liquid flames!
The iron shot misses the smoke demon.
You are covered in liquid flames!
Bozidara closely misses the hellwing.
The hellwing barely misses Bozidara.
The hellwing closely misses Bozidara.
The smoke demon gestures at you. The ball of steam misses you.
The iron shot hits the smoke demon!!!
You kill the smoke demon!
You are covered in liquid flames!
Bozidara gestures at the hellwing while chanting.
The bolt of magma hits the hellwing!!!
The hellwing dies!
The smoke demon gestures at you.
The ball of steam hits you but does no damage.
You can't see any susceptible monsters within range! (Use Z to cast anyway.)
You are covered in liquid flames!
Bozidara mumbles some strange words.
Bozidara seems to speed up.
Bozidara casts a spell at the smoke demon.
The bolt of magma hits the smoke demon!
The smoke demon partially resists.
The smoke demon gestures at you. You block the sticky flame.
Bozidara hits the smoke demon with a +0 lajatang of freezing!!
Bozidara freezes the smoke demon.
Bozidara gestures at the smoke demon while chanting.
The crystal spear hits the smoke demon!!!
The smoke demon dies!
There is a stone staircase leading up here.
You need no library to learn spells.
You fly upwards.
Level annotation: exclusions: 4 ice devils, ice statue and 2 more exclusions
There is a stone staircase leading down here.
Bozidara is recalled.
A red devil comes into view. It is wielding a +0 trident.
Things that are here:
a +0 robe; a +5 flail of freezing You can't go up here!
A red devil is nearby!
The iron shot hits the red devil!!!!
You kill the red devil!
(D) Dungeon (T) Temple (L) Lair (A) Shoals (P) Snake Pit (M) Slime Pits (O) Orcish Mines (E) Elven Halls (V) Vaults (C) Crypt (W) Tomb (U) Depths (H) Hell (Z) Zot
Where to? (Enter - D:8 @ (x,y), ? - help)
You see here a +0 shortbow.
HP restored.
You see here a +0 falchion.
There is a stone staircase leading up here.
You fly upwards.
There is a stone staircase leading down here.
Things that are here:
a +0 robe; a +0 dagger; a +0 short sword
There is a stone staircase leading up here.
You fly upwards.
There is a stone staircase leading down here.
You swap places.
A Badieg, a Hell Sentinel and a reaper come into view.
The reaper is wielding a +1 scythe of freezing.
Press: ? - help, v - describe, . - travel
Here: Badieg, armed with a chaotic touch The floor.
Unknown command.
Unknown command.
Casting: Iron Shot (mildly dangerous; 1% risk of failure)
Confirm with . or Enter, or press ? or * to list all spells.
You summon a servant imbued with your destructive magic!
Bozidara mumbles some strange words.
Bozidara seems to speed up.
Your spellforged servitor gestures at Badieg while chanting.
The iron shot hits Badieg!!!
Casting: Spellforged Servitor (mildly dangerous; 1% risk of failure)
Confirm with . or Enter, or press ? or * to list all spells.
Aiming: Iron Shot (mildly dangerous; 1% risk of failure)
Press: ? - help, Shift-Dir - straight line, f - Badieg
Aim: Badieg, armed with a chaotic touch (moderately wounded, ally target, 32% to hit)
The iron shot misses Badieg.
Bozidara points at Badieg and mumbles some strange words.
The crystal spear hits Badieg!!
Casting: Iron Shot (mildly dangerous; 1% risk of failure)
Confirm with . or Enter, or press ? or * to list all spells.
Aiming: Iron Shot (mildly dangerous; 1% risk of failure)
Press: ? - help, Shift-Dir - straight line, f/p - Badieg
Aim: Badieg, armed with a chaotic touch (heavily wounded, ally target, 32% to hit)
The iron shot misses Badieg.
The iron shot hits the Hell Sentinel!!!
The Hell Sentinel is moderately wounded.
You block Badieg's attack.
Bozidara completely misses Badieg.
Your spellforged servitor gestures at Badieg while chanting.
The iron shot misses Badieg.
The Hell Sentinel hits your spellforged servitor!!
The Hell Sentinel hits your spellforged servitor!
Casting: Iron Shot (mildly dangerous; 1% risk of failure)
Confirm with . or Enter, or press ? or * to list all spells.
Aiming: Iron Shot (mildly dangerous; 1% risk of failure)
Press: ? - help, Shift-Dir - straight line, f/p - Badieg
Aim: Badieg, armed with a chaotic touch (heavily wounded, ally target, 32% to hit)
The iron shot hits Badieg!!!!
Badieg is almost dead.
Bozidara gestures at Badieg while chanting.
The bolt of magma hits Badieg!!
Badieg dies!
Bozidara casts a spell at the Hell Sentinel.
The bolt of magma hits the Hell Sentinel.
The Hell Sentinel partially resists.
Casting: Iron Shot (mildly dangerous; 1% risk of failure)
Confirm with . or Enter, or press ? or * to list all spells.
Aiming: Iron Shot (mildly dangerous; 1% risk of failure)
Press: ? - help, Shift-Dir - straight line, f - Hell Sentinel
Aim: a Hell Sentinel (moderately wounded, ally target, 98% to hit)
The iron shot hits the Hell Sentinel!!
The Hell Sentinel is severely wounded.
Bozidara hits the Hell Sentinel with a +0 lajatang of freezing!!
Your spellforged servitor points at the Hell Sentinel and mumbles some strange words.
The iron shot hits the Hell Sentinel!!!
The Hell Sentinel dies!
You block the reaper's attack.
Casting: Iron Shot (mildly dangerous; 1% risk of failure)
Confirm with . or Enter, or press ? or * to list all spells.
Aiming: Iron Shot (mildly dangerous; 1% risk of failure)
Press: ? - help, Shift-Dir - straight line, f - reaper
Aim: a reaper, wielding a +1 scythe of freezing (81% to hit)
The iron shot hits the reaper!!!
The reaper is severely wounded.
Bozidara hits the reaper with a +0 lajatang of freezing.
You block the reaper's attack.
Bozidara casts a spell at the reaper.
The crystal spear hits the reaper!!!
The reaper dies!
You can't go up here!
(D) Dungeon (T) Temple (L) Lair (A) Shoals (P) Snake Pit (M) Slime Pits (O) Orcish Mines (E) Elven Halls (V) Vaults (C) Crypt (W) Tomb (U) Depths (H) Hell (Z) Zot
Where to? (Enter - D:6 @ (x,y), ? - help) HP restored.
An Ice Fiend comes into view.
The Ice Fiend roars!
There is a large open door here.
The Ice Fiend calls on the powers of darkness!
Your body is wracked with pain!
You are too injured to fight recklessly!
Unknown command.
Bozidara hits the Ice Fiend with a +0 lajatang of freezing!
A chaos spawn comes into view.
Casting: Iron Shot (mildly dangerous; 1% risk of failure)
Confirm with . or Enter, or press ? or * to list all spells.
Aiming: Iron Shot (mildly dangerous; 1% risk of failure)
Press: ? - help, Shift-Dir - straight line, f - Ice Fiend
Aim: an Ice Fiend (lightly wounded, ally target, 91% to hit)
The iron shot hits the Ice Fiend!!!
The Ice Fiend is severely wounded.
Bozidara hits the Ice Fiend with a +0 lajatang of freezing!!
The Ice Fiend dies!
Bozidara hits the chaos spawn with a +0 lajatang of freezing!!
Bozidara freezes the chaos spawn!
The chaos spawn dies!
The chaos spawn degenerates into a cloud of primal chaos!
You swap places.
You swap places.
There is a large open door here.
There is an escape hatch in the ceiling here.
A mysterious force pulls you upwards. The hatch slams shut behind you.
Level annotation: Edmund Bozidara is no longer moving quickly.
There is an escape hatch in the ceiling here.
A mysterious force pulls you upwards. The hatch slams shut behind you.
There is an escape hatch in the ceiling here.
HP restored.
A mysterious force pulls you upwards. The hatch slams shut behind you.
You swap places.
There is a stone staircase leading up here.
You fly upwards.
There is a stone staircase leading down here.
There is a dry fountain here.
There is an open door here.
There is a stone staircase leading up here.
You fly upwards.
There is a stone staircase leading down, spattered with blood here.
You see here a ball python skeleton.
You see here 4 stones.
There is a stone staircase leading down here.
You see here a +0 leather armour.
You see here a +0 dagger.
A crimson imp comes into view.
The crimson imp shouts!
You can't go up here!
You can't go up here!
You see here a +0 club.
That's the wrong kind of item! (Use * to select it.) Evoke which item? (* to show all) (? for menu, Esc to quit)
Aiming: Dig
Press: ? - help, Shift-Dir - straight line A rock wall.
This square is covered in magical glow.
The rock shatters into small pieces.
Bozidara points at the crimson imp and mumbles some strange words.
The bolt of magma hits the crimson imp!
The crimson imp partially resists.
The crimson imp dies!
There is a staircase leading out of the dungeon here.
You can't go down here!
Unknown command.
You have escaped!

##...####'########.#### #R#
..#'#####.########.#######.#
#.......................##.#
####.###########.######....#
#.##...# #'# ##.#####
#.#..⌠.#
###.####.###########
#.'....#
#.....#.##..........
######..⌠.#
#.###..############# ..#
##...# #..@.R## ###
############.##
######...........##
............####.#
######.###.## #.# #.# #.###
#.# #.#
#...###.############# #.#
###.##..............# #.#
#....#......[..##.####


You could see the friendly Bozidara the battlemage.

Vanquished Creatures
  A pandemonium lord (D:13)
  the Royal Jelly (Slime:5)
  2 orbs of fire (Zot:5)
  An ancient lich (Zot:5)
  4 Killer Klowns (Zot:5)
  4 curse toes
  7 caustic shrikes
  7 golden dragons
  Jory (Crypt:1)
  2 Tzitzimimeh
  2 electric golems
  2 bone dragons
  2 doom hounds (Depths:3)
  An Ice Fiend (Depths:2)
  7 tentacled monstrosities
  10 Orb Guardians
  A lich (Depths:3)
  3 acid blobs
  2 quicksilver dragons
  A walking frostbound tome (Depths:3)
  A deep elf blademaster (Elf:2)
  6 death cobs
  3 sphinxes
  A tengu reaver (Vaults:4)
  4 shadow dragons
  8 storm dragons
  A revenant (Crypt:3)
  4 azure jellies
  2 draconian knights (Zot:2)
  2 deep elf sorcerers
  5 fire giants
  2 rockslimes
  2 frost giants
  2 iron dragons
  3 draconian scorchers
  2 nagarajas (Snake:4)
  A draconian annihilator (Zot:1)
  2 reapers
  A demonspawn warmonger (D:15)
  A curse skull (Crypt:2)
  An orc warlord (Orc:2)
  2 draconian shifters (Zot:3)
  A spriggan defender (Depths:3)
  3 deep elf elementalists (Elf:3)
  A draconian stormcaller (Zot:2)
  3 vault wardens
  An ironbound preserver (Vaults:4)
  19 very ugly things
  A juggernaut skeleton (Depths:2)
  A quicksilver ooze (Slime:2)
  3 ironbound thunderhulks (Vaults:4)
  5 stone giants
  8 vampire knights
  3 green draconians
  3 deep elf demonologists (Elf:3)
  A rockslime zombie (Crypt:3)
  2 deep elf annihilators (Elf:3)
  4 red draconians
  A spark wasp (Depths:1)
  2 black draconians (Zot:2)
  2 yellow draconians
  3 white draconians
  3 dire elephants
  4 purple draconians (Zot:1)
  3 eidola
  7 ettins
  3 deep elf death magi (Elf:3)
  5 jiangshi
  3 fire dragons
  A crystal guardian (Vaults:4)
  A merfolk impaler (Shoals:3)
  A merfolk javelineer (Depths:1)
  An entropy weaver (Vaults:3)
  3 great orbs of eyes
  A deep elf high priest (Elf:3)
  2 yaktaur captains
  A spectral kraken (Shoals:1)
  3 vault guards
  9 ice dragons
  A rakshasa (Depths:2)
  A hydra (D:8)
  A ghost crab (Shoals:1)
  2 ironbound frosthearts (Vaults:3)
  2 salamander tyrants (Snake:4)
  6 centaur warriors
  9 dancing weapons
  3 deep troll shamans
  5 deep troll earth magi
  A hell hog (Depths:1)
  2 vampire magi (Crypt:3)
  A bennu skeleton (Crypt:3)
  A titan zombie (Depths:1)
  3 naga warriors (Snake:4)
  3 tengu warriors
  5 deep elf knights
  5 hell knights (Depths:3)
  A spriggan berserker (Depths:3)
  7 sun demons
  4 orc high priests
  3 iron trolls
  A wretched star (Abyss:2)
  3 salamander mystics (Snake:4)
  10 skeletal warriors (Crypt:3)
  5 starcursed masses (Abyss:3)
  4 sea snakes
  2 glowing orange brains
  6 deep trolls
  3 flayed ghosts
  6 ironbound convokers
  A lindwurm (Vaults:3)
  A quicksilver dragon simulacrum (Depths:2)
  4 wizards
  4 orc knights
  9 phantasmal warriors
  6 deep elf archers
  3 human zombies
  5 necromancers
  10 deep elf pyromancers
  8 deep elf zephyrmancers
  5 orc sorcerers
  3 mana vipers
  3 salamanders
  20 ugly things
  A centaur zombie (Crypt:3)
  A cyclops (D:15)
  10 moths of wrath
  A stone giant skeleton (Vaults:1)
  A merfolk siren (Shoals:4)
  An elephant (Lair:3)
  6 black mambas
  2 guardian serpents
  A cane toad (Lair:2)
  3 smoke demons
  3 vault sentinels
  A rust devil (D:15)
  A storm dragon simulacrum (Depths:2)
  An eye of devastation (Depths:1)
  Maggie (D:6)
  A spriggan zombie (Depths:2)
  3 kobold demonologists
  A red draconian zombie (Crypt:3)
  2 freezing wraiths
  2 tormentors (Depths:3)
  2 hellwings (D:9)
  A komodo dragon (D:10)
  6 yaktaurs
  An ancient zyme (Abyss:2)
  2 guardian mummies (Crypt:3)
  An ice devil (Depths:2)
  2 trolls
  A yellow draconian skeleton (Crypt:3)
  2 red devils
  7 merfolk
  A moth of wrath zombie (Crypt:1)
  A harpy zombie (Crypt:3)
  An ettin zombie (Crypt:3)
  A polar bear (Lair:5)
  64 slime creatures
  3 hornets (Depths:3)
  3 dream sheep (Lair:5)
  5 blink frogs
  A frost giant simulacrum (Depths:2)
  A snapping turtle (Shoals:1)
  A large abomination (Abyss:3)
  3 flying skulls (Vaults:2)
  A shadow (D:13)
  4 spriggans
  3 ynoxinuls
  2 air elementals
  10 wraiths
  3 wyverns
  8 water elementals
  10 yaks
  6 humans (D:13)
  2 small abominations (Abyss:2)
  Eustachio (D:6)
  3 steam dragons
  A redback (Vaults:2)
  6 nagas
  A naga zombie (Crypt:3)
  3 wargs
  An acid dragon (D:9)
  A floating eye (Depths:2)
  5 water moccasins
  3 ice beasts
  24 orc warriors
  4 sky beasts
  4 black bears
  6 wolves
  8 ogres
  9 centaurs
  A dream sheep skeleton (Crypt:3)
  5 kobold brigands
  6 bullfrogs
  2 necrophages
  2 scorpions
  7 killer bees
  A shapeshifter skeleton (Crypt:1)
  6 howler monkeys
  2 lava snakes (D:9)
  4 hounds
  6 orc priests
  5 jellies
  A gnoll bouda (D:8)
  5 iguanas
  A human skeleton (Crypt:1)
  7 orc wizards
  2 gnolls (D:8)
  6 adders
  A shadow imp (D:5)
  2 ufetubi
  A worm (D:2)
  2 dart slugs
  37 orcs
  A bat zombie (Shoals:4)
  6 endoplasms
  6 giant cockroaches
  12 goblins
  9 hobgoblins
  4 quokkas
  7 ball pythons
  4 bats
  An endoplasm zombie (Crypt:1)
  5 frilled lizards
  A frilled lizard skeleton (Crypt:1)
  A hobgoblin zombie (Crypt:2)
  19 kobolds
  17 rats
  A tentacle (Shoals:1)
911 creatures vanquished.

Vanquished Creatures (collateral kills)
  A seraph (Zot:1)
  An orb of fire (Zot:4)
  Mara (Elf:3)
  An ancient lich (Zot:5)
  Mennas (Crypt:1)
  A juggernaut (Depths:4)
  Vv (Depths:4)
  Parghit (Zot:2)
  Saint Roka (Depths:3)
  Bai Suzhen (Shoals:4)
  A caustic shrike (Depths:4)
  A caustic shrike (shapeshifter) (Depths:4)
  5 Killer Klowns (Zot:5)
  6 golden dragons
  The ghost of Vailuoroe the Devastator, a veteran GrEE of Lugonu (Crypt:1)
  3 pandemonium lords
  A bone dragon (Abyss:3)
  An electric golem (Zot:5)
  6 tentacled monstrosities
  A Hell Sentinel (D:6)
  Zenata (Crypt:1)
  Mlioglotl (Shoals:3)
  An Ice Fiend (D:6)
  A lich (Crypt:3)
  Grunn (Depths:3)
  A deep elf blademaster (Elf:3)
  A walking frostbound tome (Depths:3)
  16 Orb Guardians (Zot:5)
  6 quicksilver dragons
  2 deep elf master archers (Elf:3)
  5 death cobs
  4 ancient champions
  6 acid blobs (Slime:5)
  2 sphinxes
  A tengu reaver (Depths:1)
  Agnes (Elf:1)
  A shadow dragon (Depths:3)
  7 storm dragons
  2 draconian monks
  Roxanne (Elf:2)
  2 rockslimes (Slime:5)
  2 fire giants
  4 azure jellies
  A draconian knight (Zot:3)
  2 nagarajas (Snake:4)
  10 vault wardens
  3 frost giants
  A juggernaut zombie (Crypt:3)
  2 ghost moths
  5 deep elf sorcerers (Elf:3)
  A balrug (D:10)
  A cacodemon (Depths:2)
  A curse skull (Crypt:3)
  3 orc warlords
  A draconian shifter (Depths:4)
  A spriggan defender (Depths:3)
  3 deep elf elementalists
  5 ghouls (Crypt:1)
  4 quicksilver oozes
  A draconian stormcaller (Zot:2)
  2 draconian annihilators
  7 stone giants
  9 ironbound preservers
  A reaper (D:6)
  An angel (Zot:1)
  23 very ugly things
  5 ironbound thunderhulks
  7 black draconians
  10 vampire knights
  A demonspawn black sun (D:15)
  7 dire elephants
  5 green draconians
  2 deep elf demonologists
  5 deep elf annihilators (Elf:3)
  2 purple draconians
  A minotaur (Gauntlet)
  5 red draconians
  A yellow draconian (Zot:4)
  2 spark wasps (Depths:1)
  2 white draconians
  3 eidola
  A blizzard demon (D:13)
  3 deep elf death magi
  6 fire dragons
  2 ettins (Depths:3)
  7 merfolk impalers
  2 deep elf high priests (Elf:3)
  A spectral kraken (Shoals:1)
  3 jiangshi
  4 yaktaur captains
  10 great orbs of eyes
  4 vault guards
  A quicksilver dragon skeleton (Crypt:1)
  3 spriggan zombies
  A great orb of eyes (shapeshifter) (Vaults:2)
  A hell beast (Depths:1)
  Fannar (Lair:2)
  3 hydras
  An ice dragon (Depths:4)
  A fenstrider witch zombie (Crypt:1)
  A peacekeeper (Vaults:4)
  3 ogre magi
  4 spriggan air magi
  Harold (D:11)
  A merfolk avatar (Shoals:3)
  3 salamander tyrants
  3 anacondas
  6 ironbound frosthearts
  An Orb Guardian zombie (Crypt:3)
  2 ghost crabs (Shoals:1)
  7 merfolk aquamancers
  A spriggan skeleton (Crypt:1)
  5 centaur warriors
  2 satyrs (Shoals:4)
  4 catoblepae (Lair:5)
  4 alligator snapping turtles (Shoals:4)
  6 naga warriors
  2 boulder beetles
  2 death yaks
  3 two-headed ogres
  6 deep troll earth magi
  22 dancing weapons
  7 naga sharpshooters
  An orc high priest (Orc:2)
  6 deep elf knights (Elf:2)
  9 vampire magi
  6 shock serpents
  5 sun demons
  Amaemon (Lair:2)
  2 soul eaters
  3 spriggan berserkers
  2 wretched stars (Abyss:2)
  2 spriggans
  4 salamander mystics
  2 hell knights
  2 shadow wraiths
  27 skeletal warriors
  2 iron trolls (Depths:4)
  A death drake (Vaults:2)
  19 deep trolls
  4 naga ritualists
  17 sea snakes
  A glowing orange brain (Depths:4)
  An anaconda zombie (Crypt:2)
  3 flayed ghosts
  A golden dragon skeleton (Crypt:3)
  2 bog bodies (Crypt:1)
  An orange crystal statue (Elf:2)
  7 ironbound convokers
  A spriggan simulacrum (Depths:1)
  11 phantasmal warriors
  A bunyip skeleton (Crypt:2)
  A wolf spider zombie (D:15)
  5 deep elf archers
  4 necromancers
  11 lindwurms
  10 wizards
  2 orc knights
  21 harpies
  A wolf spider (Vaults:2)
  10 deep elf pyromancers
  A stone giant zombie (Crypt:3)
  3 mana vipers
  19 deep elf zephyrmancers
  An orc sorcerer (Elf:2)
  22 salamanders
  3 shining eyes
  36 ugly things
  2 spectral merfolk (Shoals:1)
  6 moths of wrath
  4 cyclopes
  8 manticores
  A moth of wrath (shapeshifter) (Depths:3)
  8 fauns
  2 centaur zombies
  10 elephants
  9 vault sentinels
  A frost giant skeleton (Depths:1)
  24 black mambas
  8 merfolk sirens
  3 guardian serpents
  17 naga magi
  A fire giant skeleton (Depths:2)
  An orange demon (Lair:2)
  A dire elephant zombie (Crypt:1)
  3 smoke demons
  2 eyes of devastation (Depths:1)
  A torpor snail (Lair:2)
  3 gargoyles
  6 water nymphs
  A spectral sea snake (Shoals:1)
  4 cane toads
  A hellion (Depths:1)
  3 unseen horrors
  A centaur skeleton (Crypt:1)
  2 kobold demonologists
  A yellow draconian zombie (Crypt:2)
  2 ice devils
  8 komodo dragons
  A rime drake (Lair:5)
  A yaktaur skeleton (Vaults:1)
  A tengu conjurer (Depths:2)
  A red draconian zombie (Crypt:3)
  2 freezing wraiths
  34 yaktaurs
  6 harpy zombies
  4 guardian mummies
  A hellwing (D:9)
  A golden dragon simulacrum (Depths:2)
  37 merfolk
  A meliai (shapeshifter) (D:13)
  A red devil (Zot:3)
  5 trolls
  2 polar bears
  2 meliai
  5 hornets
  A spectral manticore (Shoals:1)
  14 wind drakes
  76 slime creatures
  6 raiju
  9 blink frogs
  14 dream sheep
  9 snapping turtles
  A human simulacrum (Vaults:4)
  An ettin skeleton (Depths:1)
  A guardian serpent skeleton (Crypt:1)
  A spectral wind drake (Shoals:1)
  A vampire (Abyss:2)
  16 water elementals
  2 air elementals
  7 flying skulls
  A shadow (D:11)
  7 wraiths
  An elf skeleton (Vaults:4)
  27 yaks
  A ynoxinul (Abyss:2)
  8 humans (D:13)
  4 wyverns
  A golden eye (Slime:5)
  3 basilisks
  A hog (Vaults:2)
  2 chaos spawn
  A redback (Vaults:2)
  A redback simulacrum (D:15)
  A glowing shapeshifter zombie (Vaults:4)
  A warg (Orc:1)
  5 large abominations
  40 nagas
  2 acid dragons (D:10)
  3 naga zombies
  2 glowing shapeshifter skeletons
  A nameless horror (Vaults:3)
  8 water moccasins
  3 small abominations
  3 sky beasts
  17 orc warriors
  8 starcursed masses (Abyss:3)
  An ice beast (Vaults:2)
  A black bear (D:10)
  13 wolves
  A snapping turtle zombie (Crypt:1)
  A boggart (Gauntlet)
  9 centaurs
  7 ogres
  3 human zombies
  A yaktaur zombie (Crypt:2)
  An elf zombie (Crypt:3)
  10 bullfrogs
  3 necrophages (Crypt:1)
  A komodo dragon skeleton (Crypt:2)
  A wight (D:8)
  8 killer bees
  A vampire bat (Vaults:2)
  3 howler monkeys
  A lava snake (D:9)
  A crimson imp (D:1)
  2 quasits (Abyss:2)
  12 jellies
  6 orc priests
  An iguana (D:4)
  2 human skeletons (Crypt:1)
  13 orc wizards
  4 lightning spires (Vaults:2)
  A boggart skeleton (Crypt:2)
  A hound zombie (Crypt:3)
  2 mummies (Crypt:1)
  2 gnolls (D:8)
  An adder (D:4)
  3 ufetubi
  A dart slug (D:4)
  18 orcs
  2 endoplasms (Lair:4)
  4 kobolds
  An endoplasm zombie (Crypt:1)
  A giant cockroach zombie (Crypt:2)
  A tentacle (Shoals:1)
1401 creatures vanquished.

Vanquished Creatures (others)
  A storm dragon (Zot:1)
  A nagaraja (Snake:4)
  Donald (Shoals:4)
  A vault warden (Vaults:2)
  An ironbound preserver (Vaults:4)
  2 very ugly things (Depths:3)
  An ironbound thunderhulk (Vaults:4)
  4 dire elephants (Vaults:1)
  7 merfolk javelineers
  A deep elf high priest (Elf:1)
  A jiangshi (Crypt:3)
  3 yaktaur captains (Vaults:3)
  A merfolk impaler (Shoals:3)
  A vault guard (D:13)
  A salamander tyrant (Snake:4)
  A hydra (Lair:4)
  A merfolk aquamancer (Shoals:3)
  6 centaur warriors
  3 naga warriors
  12 death yaks (Lair:5)
  A naga sharpshooter (Snake:2)
  3 shock serpents
  A deep elf knight (Elf:2)
  A sun demon (Depths:1)
  Nergalle (D:12)
  A salamander mystic (Snake:4)
  A spriggan (Depths:2)
  3 skeletal warriors
  2 sea snakes
  A deep troll (Vaults:4)
  2 wizards
  A deep elf archer (Elf:2)
  2 necromancers
  3 lindwurms
  2 orc knights
  A deep elf zephyrmancer (Elf:1)
  An ironbound convoker (Vaults:4)
  A mana viper (Snake:2)
  2 harpies
  10 ugly things
  A faun (Shoals:1)
  6 manticores
  5 salamanders
  5 black mambas
  An elephant (Lair:3)
  7 cane toads
  2 tengu conjurers (D:14)
  An ice devil (Lair:1)
  4 yaktaurs
  3 komodo dragons
  An efreet (D:13)
  3 trolls
  A meliai (D:15)
  2 hornets
  2 merfolk
  Grinder (D:6)
  A polar bear (Lair:5)
  2 wind drakes
  4 dream sheep
  A snapping turtle (Shoals:1)
  2 wraiths
  18 yaks
  5 humans (D:13)
  A basilisk (Lair:3)
  Menkaure (D:6)
  6 nagas
  2 acid dragons
  Duvessa (D:6)
  3 water moccasins
  3 ice beasts (D:6)
  6 orc warriors
  A black bear (D:6)
  4 wolves
  6 centaurs
  A kobold brigand (D:8)
  A small abomination (D:15)
  2 wights (D:8)
  6 killer bees
  68 battlemagi
  3 ancestors
  2 orc wizards
  2 adders
  A white imp (D:6)
  9 orcs
  A hobgoblin (D:11)
  A kobold (D:8)
  2 ball lightnings (Vaults:2)
  A bush (Lair:5)
  74 fungi
  2 lurking horrors
  137 plants
  12 tentacles (Shoals:1)
  7 withered plants (Shoals:1)
534 creatures vanquished.

Grand Total: 2846 creatures vanquished

Notes
Turn   | Place    | Note
-------+----------+-------------------------------------------
     0 | D:1      | sleeves the Djinni Reaver began the quest for the Orb.
     0 | D:1      | sleeves set off with the following spells memorised: Kiss
                  | of Death, Momentum Strike, Hailstorm.
     0 | D:1      | Reached XP level 1. HP: 18/18 MP: 0/0
   157 | D:1      | Reached XP level 2. HP: 23/23 MP: 0/0
   327 | D:1      | Reached skill level 3 in Spellcasting
   453 | D:1      | Reached XP level 3. HP: 25/28 MP: 0/0
   453 | D:1      | Learned a level 1 spell: Summon Small Mammal
   902 | D:1      | Found a faded altar of an unknown god.
  1116 | D:2      | Found Aceguiz's Magic Scroll Emporium.
  1141 | D:2      | Bought a scroll of identify for 20 gold pieces
  1241 | D:2      | Reached XP level 4. HP: 33/33 MP: 0/0
  1366 | D:2      | HP: 15/33 [goblin/+0 club (3)]
  1640 | D:2      | Found Dyoc's Armour Emporium.
  2082 | D:3      | Reached skill level 4 in Spellcasting
  2267 | D:3      | Reached XP level 5. HP: 27/34 MP: 0/0
  2267 | D:3      | Learned a level 2 spell: Passwall
  3119 | D:4      | Noticed an ogre
  3147 | D:4      | Killed an ogre
  3148 | D:4      | Reached skill level 5 in Spellcasting
  3148 | D:4      | Reached XP level 6. HP: 34/43 MP: 0/0
  3241 | D:4      | HP: 19/43 [necrophage (5)]
  3450 | D:4      | Noticed an ogre
  3464 | D:4      | Killed an ogre
  3465 | D:4      | Reached XP level 7. HP: 42/49 MP: 0/0
  3465 | D:4      | Learned a level 3 spell: Swiftness
  3827 | D:4      | Reached skill level 6 in Spellcasting
  4087 | D:4      | Found an ornate altar of the Wu Jian Council.
  4459 | D:5      | Entered Level 5 of the Dungeon
  4559 | D:5      | Found Hodd's General Store.
  4566 | D:5      | Bought a potion of curing for 39 gold pieces
  4632 | D:5      | Noticed Edmund
  4727 | D:4      | Reached skill level 3 in Long Blades
  4924 | D:5      | Reached skill level 3 in Fighting
  4924 | D:5      | Reached XP level 8. HP: 35/53 MP: 0/0
  5429 | D:6      | Noticed Menkaure
  5443 | D:6      | Noticed Grinder
  5608 | D:6      | Found a hazy altar of Hepliaklqana.
  5625 | D:6      | Found a stormy altar of Qazlal.
  5631 | D:6      | Became a worshipper of Hepliaklqana the Forgotten
  5746 | D:6      | Noticed Maggie
  5750 | D:6      | HP: 21/42 [Maggie/bolt of fire (3)]
  5772 | D:6      | Killed Maggie
  5773 | D:6      | Reached skill level 4 in Fighting
  5773 | D:6      | Reached skill level 4 in Long Blades
  6180 | D:6      | Noticed Dowan
  6181 | D:6      | Noticed Duvessa
  6236 | D:6      | Noticed Eustachio
  6312 | D:6      | Reached skill level 7 in Spellcasting
  6312 | D:6      | Reached XP level 9. HP: 57/63 MP: 0/0
  6312 | D:6      | Learned a level 3 spell: Summon Guardian Golem
  6325 | D:6      | Killed Eustachio
  6326 | D:6      | Reached skill level 5 in Long Blades
  6566 | D:6      | Reached skill level 5 in Fighting
  7090 | D:6      | Killed Grinder
  7419 | D:6      | Reached skill level 6 in Fighting
  7863 | D:6      | Reached skill level 6 in Long Blades
  7908 | D:6      | Killed Duvessa
  8035 | D:6      | Killed Menkaure
  8333 | D:6      | Reached XP level 10. HP: 73/73 MP: 0/0
  8502 | D:6      | HP: 36/73 [killer bee (4)]
  8505 | D:6      | HP: 16/73 [killer bee (6)]
  8745 | D:6      | Reached skill level 8 in Spellcasting
  8796 | D:6      | Dowan changed into Dowan the hound
  8796 | D:6      | Noticed Dowan
  8799 | D:6      | Killed Dowan the hound
  8823 | D:6      | Reached skill level 7 in Fighting
  9016 | D:6      | Found a staircase to the Ecumenical Temple.
  9090 | D:7      | HP: 36/75 [killer bee (8)]
  9106 | D:7      | HP: 24/75 [orc priest/divine providence (14)]
  9418 | D:7      | HP: 34/75 [orc priest/divine providence (16)]
  9424 | D:6      | Reached skill level 7 in Long Blades
 10207 | D:7      | You are sucked into a shaft and drop 1 floor!
 10245 | D:8      | Noticed an ice devil
 10246 | D:8      | Noticed an ice devil
 10250 | D:8      | Noticed an ice devil
 10251 | D:8      | Noticed an ice devil
 10400 | D:8      | Noticed a kobold demonologist
 10401 | D:8      | Reached skill level 8 in Fighting
 10402 | D:8      | Noticed a sun demon
 10403 | D:8      | Noticed a sun demon
 10405 | D:8      | HP: 33/76 [sun demon[a kobold demonologist] (13)]
 10406 | D:8      | HP: 9/76 [sun demon[a kobold demonologist] (19)]
 10409 | D:8      | HP: 2/76 [hellwing[a kobold demonologist] (11)]
 10819 | D:8      | Reached * piety under Hepliaklqana
 10971 | D:8      | Noticed an ice devil
 10978 | D:8      | Noticed an ice devil
 11036 | D:8      | Noticed an ice statue
 11094 | D:8      | Noticed an ice devil
 11146 | D:8      | Reached XP level 11. HP: 59/72 MP: 0/0
 11146 | D:8      | Learned a level 4 spell: Anguish
 11577 | D:8      | Noticed a sun demon
 11597 | D:7      | Reached skill level 8 in Long Blades
 11664 | D:8      | Reached skill level 9 in Spellcasting
 11759 | D:8      | Noticed a three-headed hydra
 11772 | D:8      | Killed a three-headed hydra
 11828 | D:8      | Reached skill level 9 in Fighting
 12276 | D:9      | HP: 33/75 [killer bee (2)]
 12851 | D:9      | Found a sacrificial altar of Ru.
 12879 | D:9      | Found a shimmering altar of Xom.
 12889 | D:9      | Reached skill level 9 in Long Blades
 13145 | D:9      | Found a staircase to the Orcish Mines.
 13238 | D:9      | Reached ** piety under Hepliaklqana
 13239 | D:9      | Remembered your ancestor Bozidara as a battlemage
 13242 | D:9      | Found a hide-covered altar of Uskayaw.
 13243 | D:9      | Found an iron altar of Okawaru.
 13244 | D:9      | Identified the +4 dagger of Gumuat {elec, rCorr}
 13310 | D:10     | Entered Level 10 of the Dungeon
 13519 | D:10     | Found Muawalit's General Store.
 13529 | D:10     | Bought a scroll of teleportation for 36 gold pieces
 13553 | D:10     | Noticed Maurice
 13569 | D:10     | Maurice changed into Maurice the jelly
 13569 | D:10     | Noticed Maurice
 13569 | D:10     | Killed Maurice the jelly
 13614 | D:10     | Reached XP level 12. HP: 44/81 MP: 0/0
 13622 | D:10     | HP: 40/81 [centaur/arrow (7)]
 13624 | D:10     | Reached skill level 10 in Fighting
 13831 | D:10     | Found a staircase to the Lair.
 14254 | D:10     | Noticed a two-headed ogre
 14259 | D:10     | Killed a two-headed ogre
 14260 | D:10     | Reached skill level 10 in Spellcasting
 14463 | D:10     | Reached *** piety under Hepliaklqana
 14653 | Lair:1   | Entered Level 1 of the Lair of Beasts
 14720 | Lair:1   | Reached skill level 10 in Long Blades
 15214 | Lair:1   | Reached skill level 11 in Fighting
 15943 | Lair:2   | Reached skill level 1 in Armour
 16126 | Lair:2   | Reached skill level 3 in Dodging
 16126 | Lair:2   | Reached XP level 13. HP: 87/89 MP: 0/0
 16126 | Lair:2   | Learned a level 5 spell: Irradiate
 16150 | Lair:2   | Reached skill level 2 in Armour
 16197 | Lair:2   | Noticed Fannar
 16207 | Lair:2   | Killed Fannar
 16209 | Lair:2   | HP: 42/89 [water moccasin (2)]
 16261 | Lair:2   | Identified the +0 cloak of Ashenzari {rF+ rC+ Slay-5}
 16453 | Lair:2   | Found a runed translucent door.
 16484 | Lair:2   | Reached skill level 4 in Dodging
 16486 | Lair:2   | Noticed Amaemon
 16489 | Lair:2   | Noticed benadryl's ghost (journeyman TrFi)
 16506 | Lair:2   | Killed Amaemon
 16507 | Lair:2   | Reached skill level 3 in Armour
 16920 | Lair:2   | Reached skill level 11 in Long Blades
 17148 | Lair:3   | Found a staircase to the Shoals.
 17165 | Lair:2   | HP: 36/90 [cane toad (22)]
 17348 | Lair:3   | Found a gate leading to a gauntlet.
 17361 | Gauntlet | Entered a Gauntlet
 17361 | Gauntlet | Found a transporter.
 17408 | Gauntlet | Reached **** piety under Hepliaklqana
 17413 | Gauntlet | Found a transporter.
 17413 | Gauntlet | Found a transporter.
 17414 | Gauntlet | Found a transporter.
 17422 | Gauntlet | Found a transporter.
 17425 | Gauntlet | Found a transporter.
 17426 | Gauntlet | Found a transporter.
 17430 | Gauntlet | Found a runed translucent door.
 17434 | Gauntlet | Found a transporter.
 17437 | Gauntlet | Found a transporter.
 17438 | Gauntlet | Found a transporter.
 17449 | Gauntlet | Found a transporter.
 17449 | Gauntlet | Found a transporter.
 17450 | Gauntlet | Found a transporter.
 17463 | Gauntlet | Found a transporter.
 17507 | Gauntlet | Found a runed translucent door.
 17584 | Gauntlet | Noticed a quicksilver ooze
 17585 | Gauntlet | Noticed a broodmother
 17594 | Gauntlet | Noticed a quicksilver ooze
 17601 | Gauntlet | a quicksilver ooze changed into a satyr
 17611 | Gauntlet | Noticed a storm dragon
 17613 | Gauntlet | a storm dragon changed into a quicksilver ooze
 17613 | Gauntlet | Noticed a quicksilver ooze (glowing shapeshifter)
 17614 | Gauntlet | a quicksilver ooze changed into a spark wasp
 17614 | Gauntlet | Noticed a spark wasp (glowing shapeshifter)
 17616 | Gauntlet | a quicksilver ooze changed into something unseen
 17618 | Gauntlet | a spark wasp changed into a wolf spider
 17620 | Gauntlet | a wolf spider changed into a great orb of eyes
 17620 | Gauntlet | Noticed a great orb of eyes (glowing shapeshifter)
 17621 | Gauntlet | a great orb of eyes changed into a broodmother
 17621 | Gauntlet | Noticed a broodmother (glowing shapeshifter)
 17622 | Gauntlet | a broodmother changed into a quicksilver ooze
 17622 | Gauntlet | Noticed a quicksilver ooze (glowing shapeshifter)
 17677 | Gauntlet | Noticed a great orb of eyes
 17687 | Gauntlet | a great orb of eyes changed into a bunyip
 17687 | Gauntlet | Noticed a bunyip (glowing shapeshifter)
 17746 | Gauntlet | Reached skill level 5 in Dodging
 17763 | Gauntlet | Noticed a minotaur
 17770 | Gauntlet | Killed a minotaur
 17771 | Gauntlet | Reached skill level 4 in Armour
 17811 | Gauntlet | Identified the +1 robe "Kofir" {rC+ Will- Int+4}
 17891 | Lair:3   | Reached skill level 11 in Spellcasting
 17914 | Lair:3   | Reached skill level 1 in Invocations
 17984 | Lair:3   | Noticed an eight-headed hydra
 17989 | Lair:3   | Killed an eight-headed hydra
 17990 | Lair:3   | Reached skill level 12 in Fighting
 18051 | Lair:3   | Reached skill level 2 in Invocations
 18154 | Lair:3   | Found a staircase to the Snake Pit.
 18889 | Lair:4   | Reached XP level 14. HP: 89/96 MP: 0/0
 18953 | Lair:4   | Reached skill level 6 in Dodging
 18982 | Lair:4   | Found a staircase to the Slime Pits.
 18987 | Lair:4   | Reached skill level 5 in Armour
 18994 | Lair:4   | Found a viscous altar of Jiyva.
 19210 | Lair:4   | Reached skill level 3 in Invocations
 19396 | Lair:5   | Entered Level 5 of the Lair of Beasts
 19415 | Lair:4   | HP: 40/97 [death yak (10)]
 19518 | Lair:5   | HP: 40/97 [yak (13)]
 19526 | Lair:5   | HP: 41/97 [themself (3)]
 19527 | Lair:5   | Reached skill level 4 in Invocations
 19530 | Lair:5   | HP: 17/97 [themself] (7)]
 19710 | Lair:5   | Reached ***** piety under Hepliaklqana
 19742 | Lair:5   | Reached skill level 6 in Armour
 19742 | Lair:5   | Reached skill level 7 in Dodging
 19962 | Lair:5   | HP: 39/97 [death yak (17)]
 19964 | Lair:5   | Reached skill level 12 in Long Blades
 20147 | Lair:5   | Reached skill level 5 in Invocations
 20162 | Lair:5   | HP: 46/97 [seven-headed hydra (12)]
 20370 | Lair:5   | Reached skill level 13 in Fighting
 20572 | Lair:5   | Reached skill level 8 in Dodging
 20572 | Lair:5   | Reached XP level 15. HP: 88/102 MP: 0/0
 20572 | Lair:5   | Learned a level 6 spell: Eringya's Noxious Bog
 20579 | Lair:5   | Reached skill level 7 in Armour
 20748 | Lair:5   | Identified the +1 robe "Trusted Companion" {rF++ Str+7}
 20751 | Lair:5   | Identified the +9 trident of Jaraown {vorpal, +Blink rPois
                  | Int+4 Dex-4}
 20857 | Lair:5   | Reached skill level 6 in Invocations
 21299 | Orc:1    | Entered Level 1 of the Orcish Mines
 21359 | Orc:1    | Found Ixocas's Jewellery Emporium.
 21702 | Orc:1    | Noticed an orc warlord
 21710 | Orc:1    | Killed an orc warlord
 21844 | Orc:2    | Entered Level 2 of the Orcish Mines
 21898 | Orc:2    | Found a burning altar of Makhleb.
 21928 | Orc:2    | Reached skill level 9 in Dodging
 22108 | Orc:2    | Found a staircase to the Elven Halls.
 22113 | Orc:2    | Reached skill level 8 in Armour
 22120 | Orc:2    | Noticed an orc warlord
 22135 | Orc:2    | HP: 45/103 [orc warlord/+2 battleaxe (26)]
 22137 | Orc:2    | Killed an orc warlord
 22211 | Orc:2    | Found Leap's Antique Weapon Shoppe.
 22247 | Orc:2    | Found Zomicsi's Antique Armour Shoppe.
 22339 | Orc:2    | Found Baovvool's General Store.
 22428 | Orc:2    | Found Car Diak's Book Shoppe.
 22600 | Orc:2    | Bought a smoking ring mail for 243 gold pieces
 22600 | Orc:2    | Identified the +1 ring mail of Untold Secrets {rElec rF+
                  | Str+8 Int-3} (You bought it in a shop on level 2 of the
                  | Orcish Mines)
 22647 | Orc:1    | Bought the amulet of Nacamis {rC++ Regen+ rCorr} for 1081
                  | gold pieces
 22774 | D:11     | Identified a scroll of acquirement
 22788 | D:11     | Noticed Harold
 22854 | D:11     | Reached skill level 7 in Invocations
 23405 | D:11     | Killed Harold
 23623 | D:12     | Noticed Nergalle
 23630 | D:12     | HP: 30/99 [Nergalle/bolt of negative energy (27)]
 23630 | D:12     | Killed Nergalle
 23755 | D:12     | Reached XP level 16. HP: 83/109 MP: 0/0
 23909 | D:12     | Found a transporter.
 23913 | D:12     | Found a transporter.
 23913 | D:12     | Noticed trckry's ghost (adept FoEE)
 24131 | D:13     | HP: 51/109 [centaur/arrow[a centaur warrior] (5)]
 24196 | D:13     | Reached skill level 14 in Fighting
 24254 | D:13     | Found a runed translucent gate.
 24254 | D:13     | Found a runed translucent gate.
 24254 | D:13     | Found a runed translucent gate.
 24255 | D:13     | Reached ****** piety under Hepliaklqana
 24347 | D:13     | Reached skill level 10 in Dodging
 24387 | D:13     | Reached skill level 9 in Armour
 24405 | D:13     | Reached skill level 8 in Invocations
 24456 | D:13     | Found a gate to the Vaults.
 24497 | D:13     | HP: 39/110 [cyclops/large rock (29)]
 25177 | D:13     | Found an opulent altar of Gozag.
 25357 | D:14     | Found the ring of the Octopus King
 25361 | D:14     | Identified a ring of the Octopus King {Wiz HP+2 AC+2 EV+2
                  | SH+2}
 25434 | D:14     | Found Ticzug Awe's Armour Boutique.
 25443 | D:14     | Bought the +2 pair of gloves of the Ward {Str+5} for 416
                  | gold pieces
 25443 | D:14     | Bought a +1 helmet of intelligence for 214 gold pieces
 25728 | D:14     | Noticed CertainDeath's ghost (journeyman MiMo)
 25737 | D:14     | Found a runed translucent door.
 26072 | D:15     | Entered Level 15 of the Dungeon
 26094 | D:14     | Reached skill level 1 in Shields
 26264 | D:15     | Identified the +8 plate armour of the Skies Above {Stlth+}
 26330 | D:15     | Reached skill level 2 in Shields
 26379 | D:15     | Reached skill level 12 in Spellcasting
 26444 | D:15     | Found a white marble altar of Elyvilon.
 26450 | D:15     | Reached skill level 9 in Invocations
 26520 | D:15     | Found Jafagrin's Distillery.
 26613 | Abyss:2  | Cast into level 2 of the Abyss (a wizard)
 26724 | Abyss:2  | Reached XP level 17. HP: 117/117 MP: 0/0
 26724 | Abyss:2  | Learned a level 6 spell: Simulacrum
 26918 | Abyss:2  | Reached skill level 10 in Armour
 26926 | Abyss:2  | Reached skill level 3 in Shields
 26996 | Abyss:2  | HP: 51/119 [rock wall collision (12)]
 27099 | Abyss:2  | Found a shimmering altar of Xom.
 27224 | Abyss:2  | HP: 59/119 [wretched star/lance of force (18)]
 27278 | Abyss:3  | Noticed a bone dragon
 27291 | Abyss:3  | Found a corrupted altar of Lugonu.
 27359 | Abyss:3  | Noticed a bone dragon
 27387 | Abyss:3  | Killed a bone dragon
 27481 | Abyss:3  | Found a corrupted altar of Lugonu.
 27553 | Abyss:3  | Reached skill level 4 in Shields
 27565 | Abyss:3  | Identified the +1 tower shield of Hospitality {rPois}
 27591 | Abyss:3  | Noticed a lich
 27724 | Abyss:3  | Noticed a tentacled starspawn
 27724 | Abyss:3  | Noticed a tentacled starspawn
 27737 | Abyss:3  | HP: 45/93 [wretched star/lance of force (20)]
 27742 | D:15     | Escaped the Abyss
 27798 | D:15     | Found a staircase to the Depths.
 27805 | D:15     | Reached skill level 15 in Fighting
 28260 | Snake:1  | Entered Level 1 of the Snake Pit
 28628 | Snake:1  | Reached skill level 5 in Shields
 28628 | Snake:1  | Reached skill level 10 in Invocations
 28815 | Snake:1  | Identified the +2 scale mail of Wrong Decisions {rF+
                  | Will++}
 30212 | Snake:2  | Reached skill level 6 in Shields
 30883 | Snake:3  | Reached XP level 18. HP: 100/125 MP: 0/0
 31573 | Snake:4  | Entered Level 4 of the Snake Pit
 31596 | Snake:4  | Reached skill level 11 in Invocations
 31699 | Snake:4  | Reached skill level 7 in Shields
 31817 | Snake:4  | Reached skill level 13 in Spellcasting
 31881 | Snake:4  | Reached skill level 16 in Fighting
 32241 | Snake:4  | Reached skill level 8 in Shields
 32586 | Snake:4  | Got a serpentine rune of Zot
 33160 | Shoals:1 | Entered Level 1 of the Shoals
 33167 | Shoals:1 | Reached skill level 12 in Invocations
 33469 | Shoals:1 | Reached XP level 19. HP: 110/132 MP: 0/0
 33469 | Shoals:1 | Learned a level 6 spell: Iron Shot
 33770 | Shoals:1 | Reached skill level 9 in Shields
 33892 | Shoals:1 | Noticed porpoise's ghost (adept TrWr)
 33893 | Shoals:1 | Identified the ring "Caanettetuf" {Ice Will++ Str-5 Int+4}
 33896 | Shoals:1 | Identified the ring of Ziam {rF+ rC+ Int-3 Dex+4}
 34156 | Shoals:1 | Found a transporter.
 34158 | Shoals:1 | Found a transporter.
 34410 | Shoals:2 | Found Poamixt's General Store.
 34419 | Shoals:2 | HP: 63/134 [merfolk javelineer/silver javelin (18)]
 34428 | Shoals:2 | HP: 52/134 [merfolk/boomerang of dispersal[a merfolk
                  | javelineer] (4)]
 34606 | Shoals:2 | Reached skill level 17 in Fighting
 34807 | Shoals:2 | Identified the +5 trident "Killer Bee's Doom" {distort,
                  | rCorr Dex+3}
 34817 | Shoals:2 | Reached skill level 10 in Shields
 34817 | Shoals:2 | Reached skill level 14 in Spellcasting
 35153 | Shoals:2 | Found Heusuil's Jewellery Shop.
 35429 | Shoals:3 | HP: 53/135 [merfolk/+0 trident[a merfolk javelineer] (15)]
 35818 | Shoals:3 | Noticed Mlioglotl
 35825 | Shoals:3 | Killed Mlioglotl
 36237 | Shoals:3 | Reached XP level 20. HP: 136/141 MP: 0/0
 36351 | Shoals:3 | Found Dufeoq's Desiderata Depot.
 36396 | Shoals:4 | Entered Level 4 of the Shoals
 36434 | Shoals:4 | Noticed Bai Suzhen
 36441 | Shoals:4 | HP: 56/143 [alligator snapping turtle (29)]
 36443 | Shoals:4 | Reached skill level 18 in Fighting
 36446 | Shoals:4 | HP: 65/143 [manticore/volley of spikes (16)]
 36446 | Shoals:4 | HP: 28/143 [alligator snapping turtle (37)]
 36447 | Shoals:4 | Killed Bai Suzhen
 36549 | Shoals:4 | Noticed Donald
 36732 | Shoals:4 | Killed Donald
 37123 | Shoals:4 | Reached skill level 15 in Spellcasting
 37254 | Shoals:4 | Identified the +7 triple crossbow of Omusuts {vorpal, Fly
                  | Will+}
 37655 | Shoals:4 | Got a barnacled rune of Zot
 37917 | Vaults:1 | Entered Level 1 of the Vaults
 38098 | Vaults:1 | Identified the amulet "Cuinaif" {rN+ Regen+ Str-4 Dex+2
                  | Stlth+}
 38301 | Vaults:1 | Found a flickering gateway to a bazaar.
 38332 | Bazaar   | Entered a bazaar
 38389 | Bazaar   | Found Lumij's Assorted Antiques.
 38446 | Bazaar   | Found Maocy's Assorted Antiques.
 38472 | Bazaar   | Found Ullenius's Jewellery Shop.
 38489 | Bazaar   | Found Fuquriacs's Book Emporium.
 38531 | Bazaar   | Bought a scroll of magic mapping for 142 gold pieces
 38531 | Bazaar   | Bought a potion of heal wounds for 95 gold pieces
 38695 | Vaults:1 | HP: 65/144 [dire elephant (27)]
 38700 | Vaults:1 | HP: 66/144 [themself (5)]
 38968 | Vaults:1 | HP: 64/144 [dire elephant (16)]
 39233 | Vaults:1 | Reached XP level 21. HP: 121/148 MP: 0/0
 39233 | Vaults:1 | Learned a level 7 spell: Spellforged Servitor
 39767 | Vaults:2 | Found Mokluek's Distillery.
 39771 | Vaults:2 | Bought a potion of heal wounds for 50 gold pieces
 39841 | Vaults:2 | Reached skill level 4 in Stealth
 39841 | Vaults:2 | Reached XP level 22. HP: 148/153 MP: 0/0
 40007 | Vaults:2 | Paralysed by an air elemental for 1 turns
 40012 | Vaults:2 | Paralysed by an air elemental for 1 turns
 40015 | Vaults:2 | Paralysed by an air elemental for 1 turns
 40214 | Vaults:2 | Reached skill level 19 in Fighting
 40359 | Vaults:2 | You are sucked into a shaft and drop 1 floor!
 40451 | Vaults:2 | Reached skill level 13 in Long Blades
 40494 | Vaults:2 | Reached skill level 11 in Dodging
 40745 | Vaults:2 | Reached skill level 11 in Armour
 40831 | Vaults:2 | Found a staircase to the Crypt.
 41026 | Vaults:2 | Reached skill level 11 in Shields
 41138 | Vaults:2 | HP: 70/156 [cyan very ugly thing (9)]
 41258 | Vaults:3 | HP: 73/157 [dire elephant (29)]
 42217 | Vaults:3 | Found Megi's Magic Scroll Boutique.
 42221 | Vaults:3 | Bought a scroll of teleportation for 45 gold pieces
 42221 | Vaults:3 | Bought a scroll of blinking for 112 gold pieces
 42422 | Vaults:3 | Identified the +0 long sword "Vock" {vorpal, *Corrode rN++
                  | Will- Int+4}
 42649 | Vaults:3 | Reached XP level 23. HP: 160/160 MP: 0/0
 42649 | Vaults:3 | Learned a level 8 spell: Disjunction
 43062 | Vaults:4 | Reached skill level 12 in Dodging
 43072 | Vaults:4 | Found a flickering gateway to a bazaar.
 43086 | Bazaar   | Entered a bazaar
 43106 | Bazaar   | Found Jiybra's Book Emporium.
 43122 | Bazaar   | Found Hunum Aje's Jewellery Emporium.
 43138 | Bazaar   | Found Ushya's Jewellery Emporium.
 43138 | Bazaar   | Found Pir Rosm's Jewellery Shoppe.
 43160 | Bazaar   | Found Poxtueq's Jewellery Shoppe.
 43199 | Bazaar   | Bought the ring "Gedy" {Will++ Int+4 Slay+4} for 1052 gold
                  | pieces
 43719 | Vaults:4 | Reached skill level 12 in Armour
 43914 | Vaults:4 | Reached skill level 12 in Shields
 44215 | Vaults:4 | Reached skill level 16 in Spellcasting
 44241 | Vaults:4 | Reached skill level 14 in Long Blades
 45173 | Elf:1    | Entered Level 1 of the Elven Halls
 45245 | Elf:1    | Noticed Agnes
 45253 | Elf:1    | Killed Agnes
 45325 | Elf:1    | Paralysed by an air elemental for 1 turns
 45863 | Elf:2    | Reached skill level 13 in Dodging
 45921 | Elf:2    | Reached skill level 20 in Fighting
 45983 | Elf:2    | Noticed Roxanne
 46018 | Elf:2    | Reached XP level 24. HP: 120/168 MP: 0/0
 46027 | Elf:2    | HP: 80/170 [deep elf zephyrmancer/bolt of lightning (5)]
 46292 | Elf:2    | HP: 81/170 [deep elf archer/arrow (17)]
 46452 | Elf:2    | Found a runed translucent gate.
 46453 | Elf:2    | Found a runed translucent gate.
 46453 | Elf:2    | Found a runed translucent gate.
 46518 | Elf:2    | Reached skill level 13 in Armour
 46518 | Elf:2    | Killed Roxanne
 46763 | Elf:2    | Reached skill level 13 in Shields
 47179 | Elf:3    | Entered Level 3 of the Elven Halls
 47695 | Elf:3    | Noticed Mara
 47701 | Elf:3    | Noticed sleeves's illusion
 47908 | Elf:3    | Found a runed translucent gate.
 47908 | Elf:3    | Found a runed translucent gate.
 47908 | Elf:3    | Found a runed translucent gate.
 47909 | Elf:3    | Noticed hellse's ghost (adept VSFi)
 48049 | Elf:3    | Noticed sleeves's illusion
 48058 | Elf:3    | Killed Mara
 48168 | Elf:3    | Reached skill level 14 in Dodging
 48257 | Elf:3    | Identified the +7 rapier of Cyfup {pain, rN+ Str+2}
 48257 | Elf:3    | Identified the ring of Xeacybal {Will+ Str+6 Int+4 Slay-4}
 48331 | Elf:3    | Identified the +0 great mace of Discord {elec, *Noise rPois
                  | rCorr Dex+2}
 48331 | Elf:3    | Identified the ring of Zoxokh {rC+ Int+6 Dex+2}
 48335 | Elf:3    | Identified the +6 spear "Ympeh" {freeze, rF+ Str+4}
 48886 | Elf:3    | Found the +8 whip "Snakebite" {venom, curare, rPois}
 49186 | Elf:2    | Acquired the +9 plate armour of Isaas {Drain rElec rF+ rN+
                  | Regen+}
 49545 | Crypt:1  | Entered Level 1 of the Crypt
 49607 | Crypt:1  | Reached skill level 14 in Armour
 49617 | Crypt:1  | Reached skill level 14 in Shields
 49686 | Crypt:1  | Reached XP level 25. HP: 169/173 MP: 0/0
 49686 | Crypt:1  | Learned a level 9 spell: Polar Vortex
 49687 | Crypt:1  | Noticed Mennas
 49808 | Crypt:1  | Killed Mennas
 49967 | Crypt:1  | Noticed Zenata
 49981 | Crypt:1  | Killed Zenata
 50027 | Crypt:1  | You are sucked into a shaft and drop 1 floor!
 50055 | Crypt:2  | Reached skill level 15 in Dodging
 50102 | Crypt:1  | Noticed Jory
 50108 | Crypt:1  | Reached skill level 17 in Spellcasting
 50112 | Crypt:1  | Killed Jory
 50276 | Crypt:1  | Reached skill level 15 in Shields
 50333 | Crypt:1  | Found a runed translucent gate.
 50334 | Crypt:1  | Found a runed translucent gate.
 50335 | Crypt:1  | Found a runed translucent gate.
 50584 | Crypt:1  | Noticed Vailuoroe's ghost (veteran GrEE)
 50604 | Crypt:1  | Killed Vailuoroe's ghost
 50854 | Crypt:2  | Acquired a manual of Dodging
 51185 | Crypt:3  | Entered Level 3 of the Crypt
 51321 | Crypt:3  | Found a staircase to the Tomb.
 51518 | Crypt:3  | HP: 62/173 [something (27)]
 51519 | Crypt:3  | HP: 30/173 [something (2)]
 51520 | Crypt:3  | HP: 8/173 [something (29)]
 51815 | Crypt:3  | Reached skill level 15 in Armour
 51899 | Crypt:3  | Reached skill level 16 in Shields
 51928 | Crypt:3  | Reached skill level 16 in Dodging
 52136 | Crypt:3  | Identified the +1 cloak of the Will of the Gods {rC+ MP-9
                  | Int+4}
 52153 | Crypt:3  | Identified the amulet "Juaweab" {Regen+ rCorr}
 52153 | Crypt:3  | Identified the ring of Zuhaanui {rElec rN+}
 52165 | Crypt:3  | Identified the +1 dagger "Olaunyke" {vorpal, rElec rF+}
 52623 | Crypt:3  | Reached XP level 26. HP: 170/180 MP: 0/0
 52660 | Crypt:3  | Identified the -1 pair of gloves of Love and Death {rF+
                  | rCorr}
 53140 | Vaults:2 | CougarLife: are unrandarts more common in .30?
 53141 | Vaults:2 | sleeves: no
 53141 | Vaults:2 | sleeves: this is just lucky
 53141 | Vaults:2 | CougarLife: cuz i just found maxwells plate on lair 2 and
                  | vamp tooth on lair 3
 53142 | Vaults:2 | sleeves: just rng
 53297 | Depths:1 | Entered Level 1 of the Depths
 53334 | Depths:1 | Reached skill level 17 in Shields
 53431 | Depths:1 | Reached skill level 17 in Dodging
 53678 | Depths:1 | Gained mutation: You are strong-willed. (Will+) [a shining
                  | eye]
 53694 | Depths:1 | Reached skill level 5 in Stealth
 53707 | Depths:1 | Found a gateway to Hell.
 54167 | Depths:1 | Found Inyez's Profane Products.
 54173 | Depths:1 | Found a burning altar of Makhleb.
 54250 | Depths:1 | Found a one-way gateway to a ziggurat.
 54680 | Depths:2 | Reached skill level 16 in Armour
 54794 | Depths:2 | Found a one-way gate leading to the halls of Pandemonium.
 55041 | Depths:2 | Reached skill level 18 in Dodging
 55044 | Depths:2 | Reached skill level 6 in Stealth
 55135 | Depths:2 | Identified the +11 broad axe "Yrybb" {freeze, rF++}
 55148 | Depths:2 | Reached skill level 18 in Shields
 55796 | Depths:3 | Reached skill level 18 in Spellcasting
 55986 | Depths:3 | Reached XP level 27. HP: 122/184 MP: 0/0
 55986 | Depths:3 | Learned a level 9 spell: Fire Storm
 55992 | Depths:3 | HP: 90/184 [living spell/iceblast[a walking frostbound
                  | tome] (41)]
 56124 | Depths:3 | Reached skill level 7 in Stealth
 56128 | Depths:3 | HP: 90/184 [living spell/iceblast[a walking frostbound
                  | tome] (24)]
 56228 | Depths:3 | Identified the +1 cloak "Omoluo Xuigg" {rElec rPois Will+
                  | Int+4}
 56326 | Depths:3 | Found a basalt altar of Yredelemnul.
 56327 | Depths:3 | Found an ornate altar of the Wu Jian Council.
 56330 | Depths:3 | Found a glowing silver altar of Zin.
 56330 | Depths:3 | Found a shadowy altar of Dithmenos.
 56451 | Depths:3 | Reached skill level 19 in Dodging
 56545 | Depths:3 | Noticed Grunn
 56567 | Depths:3 | Killed Grunn
 56568 | Depths:3 | HP: 81/184 [storm dragon/bolt of lightning (16)]
 56825 | Depths:3 | Found the -2 hat of the Alchemist {rElec rPois rF+ rC+ rN+
                  | Will+ rMut rCorr}
 56977 | Depths:3 | Found a one-way gate to the infinite horrors of the Abyss.
 57267 | Depths:4 | Entered Level 4 of the Depths
 57267 | Depths:4 | Noticed Saint Roka
 57273 | Depths:3 | Killed Saint Roka
 57485 | Depths:4 | Noticed Vv
 57779 | Depths:4 | HP: 89/178 [acid (2)]
 58060 | Depths:4 | HP: 87/184 [Vv/flame surge (10)]
 58182 | Depths:4 | HP: 87/184 [Vv/creeping frost (20)]
 58182 | Depths:4 | Killed Vv
 58183 | Depths:4 | Reached skill level 8 in Stealth
 58277 | Depths:4 | Reached skill level 17 in Armour
 58434 | Depths:4 | Found a gate to the Realm of Zot.
 58448 | Depths:4 | Reached skill level 20 in Dodging
 58493 | Depths:4 | HP: 78/184 [yellow draconian/glob of acid (9)]
 58614 | Depths:4 | Found Giazu's Distillery.
 58628 | Depths:4 | Noticed a juggernaut
 58634 | Depths:4 | Found a portal to a secret trove of treasure.
 58773 | Depths:4 | Reached skill level 19 in Shields
 58785 | Depths:4 | Killed a juggernaut
 58865 | Depths:4 | Reached skill level 9 in Stealth
 58878 | Depths:4 | HP: 65/184 [quicksilver dragon/bolt of dispelling energy
                  | (29)]
 58989 | Depths:3 | HP: 80/184 [quicksilver dragon/bolt of dispelling energy
                  | (26)]
 59258 | Depths:4 | Bought a potion of haste for 200 gold pieces
 59539 | Depths:4 | Found Jaretaq's Book Shoppe.
 59539 | Depths:4 | Found Neter's Jewellery Boutique.
 59540 | Depths:4 | Found Cuoxust's Jewellery Boutique.
 60050 | Slime:1  | Entered Level 1 of the Pits of Slime
 60666 | Slime:1  | Reached skill level 10 in Stealth
 60746 | Slime:1  | HP: 74/184 [large slime creature (23)]
 61168 | Slime:3  | Reached skill level 19 in Spellcasting
 62097 | Slime:4  | Reached skill level 11 in Stealth
 62241 | Slime:5  | Entered Level 5 of the Pits of Slime
 62368 | Slime:5  | Noticed the Royal Jelly
 62378 | Slime:5  | Killed the Royal Jelly
 62386 | Slime:4  | HP: 81/184 [acid blob (26)]
 62556 | Slime:5  | Identified the +1 rapier of Slime {flame, rC++}
 62570 | Slime:5  | Identified the ring of Activism {rElec Int+6}
 62582 | Slime:5  | Identified the +6 morningstar "Ajik" {vorpal, rF+ Int+2}
 62602 | Slime:5  | Got a slimy rune of Zot
 62616 | Slime:5  | Identified the +2 war axe of the Flying King {drain, *Rage
                  | +Blink Fly Stlth+}
 62647 | Slime:5  | Gained mutation: You are occasionally teleported next to
                  | monsters. [a shining eye]
 62700 | Lair:4   | Lost mutation: You are occasionally teleported next to
                  | monsters. [potion of mutation]
 62700 | Lair:4   | Lost mutation: You are strong-willed. (Will+) [potion of
                  | mutation]
 62700 | Lair:4   | Gained mutation: You are partially covered in iridescent
                  | scales. (AC +2) [potion of mutation]
 62700 | Lair:4   | Gained mutation: Your muscles are strong. (Str +4, Int/Dex
                  | -1) [potion of mutation]
 62700 | Lair:4   | Gained mutation: You are covered in fur. (AC +1) [potion of
                  | mutation]
 63111 | Zot:1    | Entered Level 1 of the Realm of Zot
 63477 | Zot:1    | Reached skill level 12 in Stealth
 63776 | Zot:1    | HP: 87/184 [death cob (13)]
 63782 | Zot:1    | HP: 85/184 [quicksilver dragon (2)]
 64822 | Zot:2    | HP: 90/184 [white draconian stormcaller/divine providence[a
                  | black draconian knight] (15)]
 64935 | Zot:2    | Reached skill level 13 in Stealth
 64993 | Zot:2    | Reached skill level 20 in Spellcasting
 65032 | Zot:2    | Noticed Parghit
 65039 | Zot:2    | Killed Parghit
 65856 | Zot:3    | Identified the +1 plate armour of Dithmenos's Favour {rC+
                  | Str+3}
 66180 | Zot:3    | Reached skill level 14 in Stealth
 66694 | Zot:4    | Noticed an orb of fire
 66705 | Zot:4    | Killed an orb of fire
 66786 | Zot:4    | Noticed a dread lich
 66795 | Zot:4    | Noticed Vyqe's ghost (master MfIE)
 66803 | Zot:4    | Found a transporter.
 66808 | Zot:4    | Found a transporter.
 66810 | Zot:4    | Noticed Ofiett's ghost (veteran TrCK)
 66933 | Zot:5    | Entered Level 5 of the Realm of Zot
 67130 | Zot:5    | Reached skill level 15 in Stealth
 67263 | Zot:5    | Noticed an ancient lich
 67308 | Zot:5    | Killed an ancient lich
 67356 | Zot:5    | Noticed a Killer Klown
 67356 | Zot:5    | Noticed a Killer Klown
 67365 | Zot:5    | Noticed a Killer Klown
 67366 | Zot:5    | Killed a Killer Klown
 67367 | Zot:5    | Reached skill level 21 in Spellcasting
 67367 | Zot:5    | Noticed a Killer Klown
 67369 | Zot:5    | Noticed a Killer Klown
 67374 | Zot:5    | Killed a Killer Klown
 67377 | Zot:5    | Killed a Killer Klown
 67377 | Zot:5    | Noticed an orb of fire
 67380 | Zot:5    | Killed a Killer Klown
 67382 | Zot:5    | Killed a Killer Klown
 67385 | Zot:5    | Killed an orb of fire
 67448 | Zot:5    | Noticed a Killer Klown
 67457 | Zot:5    | Killed a Killer Klown
 67485 | Zot:5    | Noticed a Killer Klown
 67487 | Zot:5    | Noticed a Killer Klown
 67488 | Zot:5    | Killed a Killer Klown
 67490 | Zot:5    | Killed a Killer Klown
 67491 | Zot:5    | Reached skill level 16 in Stealth
 67496 | Zot:5    | Noticed an orb of fire
 67497 | Zot:5    | Noticed an ancient lich
 67497 | Zot:5    | Noticed a Killer Klown
 67501 | Zot:5    | Killed an orb of fire
 67504 | Zot:5    | Killed an ancient lich
 67511 | Zot:5    | Killed a Killer Klown
 67606 | Zot:5    | Got the Orb of Zot
 67670 | Zot:3    | Noticed Luotwoj the pandemonium lord
 67705 | Zot:1    | Noticed a seraph
 67711 | Zot:1    | Killed a seraph
 67712 | Zot:1    | Reached skill level 22 in Spellcasting
 67865 | D:15     | Noticed Dasaus the pandemonium lord
 67870 | D:15     | Killed Dasaus the pandemonium lord
 67903 | D:15     | Noticed Xaryliu the pandemonium lord
 67907 | D:15     | Killed Xaryliu the pandemonium lord
 67943 | D:13     | Noticed Jaskesuigh the pandemonium lord
 67953 | D:13     | Killed Jaskesuigh the pandemonium lord
 68113 | D:6      | Noticed Badieg the pandemonium lord
 68117 | D:6      | Killed Badieg the pandemonium lord
 68316 | D:$      | Escaped with the Orb!

Illustrated notes

Levels and vault maps discovered:
D:1:      dpeg_arrival_renting, layout_loops_ring, basic_ecumenical_altar
D:2:      layout_rooms, serial_shops, shop, nicolae_shop_advertising_works
          [nicolae_subvault_shop_adworks], grunt_ministairs_15, corexii_shack,
          minmay_rat_gold_closets
D:3:      layout_basic
D:4:      layout_layer_cave, nicolae_wu_jian_immortal_techniques
D:5:      layout_loops_ring, serial_shops, nicolae_shop_statue_plus, uniq_edmund
D:6:      wad_guarded_room, layout_basic, mainiacjoe_overflow_large_starburst,
          minmay_temple_entry_fiery, uniq_menkaure, uniq_maggie, uniq_grinder,
          uniq_duvessa, uniq_eustachio
D:7:      layout_rooms, kennysheep_generic_room_3
D:8:      cheibrodos_frozen_isle, layout_cave_pods,
          mainiacjoe_overflow_concentric_impassable, hangedman_ranch
D:9:      layout_rooms, chequers_temple_overflow_statue_of_worship, orc_0_dummy,
          kennysheep_minor_cross, kennysheep_generic_room_15
D:10:     layout_irregular_city, due_lair_maze_entry_diamond, serial_shops,
          nicolae_shop_hallway_plus, minmay_starry_boxes, uniq_maurice
D:11:     layout_small_grid, vehumet_altar_wand_db, uniq_harold
D:12:     layout_cross, gammafunk_ghost_mausoleum, uniq_nergalle
D:13:     layout_basic, grunt_vaults_entry_tiered,
          ploomutoo_gammafunk_ghost_potion_laboratory, grunt_gozag_statues
D:14:     layout_roguey, minmay_crystal_room, serial_shops, shop,
          hellmonk_ghost_happy_afterlife
D:15:     grunt_enter_depths_magical_seal, layout_basic, serial_shops,
          nicolae_shop_trees, nicolae_elyvilon_temple_path
Lair:1:   layout_gridlike, portal_ice_cave_demonic_guard
Lair:2:   layout_misc_corridors, ebering_ghost_inner_flame, uniq_amaemon,
          uniq_fannar
Lair:3:   layout_loops_ring, minmay_shoals_entry_beasts, dummy_snake_entry,
          gauntlet_entry_generic, lemuel_fruit_tree, grunt_megastairs_1
Lair:4:   layout_misc_corridors, minmay_slime_entry_jelly_boxes
Lair:5:   evilmike_catoblepas_cave, layout_cellular_growth
Shoals:1: layout_shoals, ebering_ghost_davey_jones, nicolae_shoals_spectral_cove
Shoals:2: layout_shoals, serial_shops, shop,
          nicolae_shop_competitors_out_of_business, nicolae_shoals_seven_spires
Shoals:3: layout_shoals, nicolae_alphabet_shops, st_sunken_temple,
          uniq_mlioglotl
Shoals:4: shoals_end_simple, layout_shoals, nicolae_shoals_undead_eyrie,
          uniq_bai_suzhen, uniq_donald
Snake:1:  layout_basic, nicolae_triple_integral
Snake:2:  layout_chambers, serial_bayou_shore_b, serial_bayou_shore_b
Snake:3:  layout_basic
Snake:4:  minmay_snake_end_coiled, layout_onion_interference, grunt_megastairs_5
Slime:1:  layout_caves
Slime:2:  layout_caves
Slime:3:  layout_caves, nicolae_slime_barrier
Slime:4:  layout_caves
Slime:5
Orc:1:    layout_diamond_mine, serial_shops, shop
Orc:2:    grunt_orc_gardens, layout_caves, grunt_orc_garden, grunt_orc_garden,
          grunt_orc_garden, grunt_orc_garden, bloody_makhleb
Elf:1:    eino_elf_arrival_the_gate, layout_loops_cross, minmay_elf_demonology,
          uniq_agnes
Elf:2:    nicolae_elf_blades_crystal_corner, layout_geoelf_diagonals,
          st_stairs_6, minivault_16, uniq_roxanne
Elf:3:    minmay_elf_hall_x, layout_loops_corners, ebering_ghost_rock_garden,
          uniq_mara
Vaults:1: v_pattern_4, nicolae_vaults_little_squares_1, v_misc_19,
          vaults_room_ringed_pool, ontoclasm_vaults_ring_small, v_rooms_6,
          dpeg_vaults_hating_casters, layout_vaults_big_room, serial_shops,
          bzr_entry_dummy
Vaults:2: vaults_standard_mumra_enter_the_diamond,
          nicolae_vaults_three_branches, special_room_vaults [special_room_orc],
          nicolae_vaults_ring_of_whatevers, ontoclasm_vaults_ring_large,
          v_misc_5, v_misc_18, vaults_room_hallway,
          nicolae_vaults_little_squares_3, v_pattern_1,
          nicolae_vaults_border_crossing, minmay_crypt_entry_simple_sparse,
          vaults_room_grid, vaults_dpeg_encased_lava, vaults_room_grid,
          layout_vaults_maze_bifur, serial_hangedman_research,
          hangedman_research_toxicology, hangedman_research_electronics,
          hangedman_research_metamorphosis, serial_shops, nicolae_shop_stone
Vaults:3: hangedman_vaults_variations, ontoclasm_vaults_claustrophobia,
          v_misc_33, ontoclasm_vaults_ring_large, v_misc_16,
          ontoclasm_vaults_twist, nicolae_vaults_what_the_h,
          nicolae_vaults_ninety_degrees, nicolae_vaults_angled_halls,
          vaults_standard_mumra_enter_the_diamond, nicolae_vaults_big_ls,
          vaults_dpeg_diagonal, nicolae_vaults_angled_halls, layout_vaults_ring,
          serial_shops, shop_statue
Vaults:4: vaults_mumra_chevron_long, v_misc_4, v_misc_18,
          nicolae_vaults_quartermaster, ontoclasm_vaults_misaligned,
          hangedman_vaults_stitches, ontoclasm_vaults_bender,
          ontoclasm_vaults_ring_small, nicolae_vaults_specimen_jars,
          nicolae_vaults_asterisk, v_rooms_5, ontoclasm_vaults_chip,
          hangedman_vaults_maws, layout_vaults_big_cross, serial_shops,
          bzr_firewalk
Crypt:1:  layout_misc_corridors, ebering_ghost_rock_garden,
          grunt_crypt_arrival_guarded_gate, lemuel_upstairs_altar, uniq_jory,
          uniq_mennas, uniq_zenata
Crypt:2:  layout_rooms
Crypt:3:  church_of_pain_bobbens, layout_chaotic_city,
          tomb_entry_simple_bobbens, moated_statue
Depths:1: layout_honeycomb, enter_ziggurat_d,
          nicolae_hell_entry_hellmouth_sunbeams, chequers_big_river,
          minmay_fountain_box, minivault_16, st_stairs_12, nicolae_evil_shop
Depths:2: minmay_coctagon, layout_gridlike, minmay_splitting_lines, hell_entry,
          rand_demon_pan_entry_3, hangedman_decor_lopped
Depths:3: minmay_the_grid_octo_tiled_squarecenter [minmay_the_grid_octo_77,
          minmay_the_grid_octo_checkered, minmay_the_grid_octo_shrine,
          minmay_the_grid_octo_teeth, minmay_the_grid_square_5x5_megaprize_open,
          minmay_the_grid_square_5x5_bridge, minmay_the_grid_square_5x5_empty,
          minmay_the_grid_square_5x5_pentomino_r,
          minmay_the_grid_square_5x5_checkered_sparse], layout_gridville,
          hell_entry, abyss_entry, hangedman_glass_teeth, uniq_grunn
Depths:4: grunt_zot_entry_tricorne, layout_honeycomb, enter_trove_1,
          ebering_dispersal_statue_hall, hell_entry, serial_shops,
          nicolae_square_shop, minmay_shop_grove, uniq_saint_roka, uniq_vv
Zot:1:    layout_gridville, st_stairs_12, zot_minivault_8
Zot:2:    layout_gridlike, grunt_megastairs_4, uniq_parghit
Zot:3:    layout_cellular_growth
Zot:4:    layout_gridville, nzn_ghost_randoct
Zot:5:    layout_misc_corridors

Skill      XL: |  1  2  3  4  5  6  7  8  9 10 11 12 13 14 15 16 17 18 19 20 21 22 23 24 25 26 27 |
---------------+----------------------------------------------------------------------------------+-----
Spellcasting   | 3 4 5 6 7 8 9 10 11 12 13 14 15 16 17 18 22 | 22.5
Long Blades    | 3 4 6 7 9 10 11 12 13 14 | 14.0
Fighting       | 3 4 6 8 9 11 12 13 14 15 16 17 18 19 20 | 20.0
Armour         | 1 4 6 8 9 10 11 12 14 15 16 17 | 17.0
Dodging        | 3 5 8 9 10 11 13 14 16 18 20 | 20.0
Invocations    | 2 5 7 9 10 12 | 12.0
Shields        | 2 6 8 10 11 12 14 16 18 19 | 19.0
Stealth        | 4 6 16 | 16.0

Action                   |  1- 3 |  4- 6 |  7- 9 | 10-12 | 13-15 | 16-18 | 19-21 | 22-24 | 25-27 || total
-------------------------+-------+-------+-------+-------+-------+-------+-------+-------+-------++-------
Melee: Falchion          |   133 |    73 |       |       |       |       |       |       |       ||   206
       Punch             |     1 |       |     3 |     4 |     8 |     1 |       |       |       ||    17
       Long sword        |       |    29 |   168 |   359 |   317 |   176 |    30 |       |       ||  1079
       Scimitar          |       |       |       |       |       |    89 |       |       |       ||    89
       Trident           |       |       |       |       |       |    77 |    72 |   169 |   171 ||   489
       Demon blade       |       |       |       |       |       |       |       |       |    22 ||    22
       Quick blade       |       |       |       |       |       |       |       |       |   152 ||   152
 Cast: Kiss of Death     |       |     2 |     8 |       |       |       |       |       |       ||    10
       Hailstorm         |       |    10 |    23 |    16 |       |       |     3 |    11 |     2 ||    65
       Summon Small Mamm |       |     6 |    50 |     8 |       |       |     1 |       |       ||    65
       Momentum Strike   |       |       |     3 |     1 |       |       |       |       |       ||     4
       Swiftness         |       |       |     6 |     1 |     4 |       |       |     3 |     2 ||    16
       Passwall          |       |       |     1 |     1 |       |       |       |       |       ||     2
       Summon Guardian G |       |       |    27 |    70 |    65 |    50 |     4 |     6 |     8 ||   230
       Anguish           |       |       |       |     8 |   122 |   155 |    77 |    48 |    12 ||   422
       Eringya's Noxious |       |       |       |       |    19 |    16 |     7 |    10 |     2 ||    54
       Irradiate         |       |       |       |       |     1 |       |       |     1 |       ||     2
       Simulacrum        |       |       |       |       |       |   141 |   199 |    77 |     9 ||   426
       Iron Shot         |       |       |       |       |       |       |    14 |   243 |   897 ||  1154
       Spellforged Servi |       |       |       |       |       |       |     4 |    58 |   102 ||   164
       Disjunction       |       |       |       |       |       |       |       |     2 |    12 ||    14
Invok: Recall Ancestor   |       |       |       |    12 |     8 |    15 |     2 |     4 |    35 ||    76
       Ancestor Life: Ba |       |       |       |     1 |       |       |       |       |       ||     1
       Idealise          |       |       |       |       |       |     3 |     3 |     4 |     5 ||    15
Evoke: Wand              |       |       |       |     6 |     4 |     5 |       |     1 |     2 ||    18
       Phantom mirror    |       |       |       |       |     1 |     1 |     1 |       |     1 ||     4
       Phial of floods   |       |       |       |       |       |       |       |       |     1 ||     1
  Use: Scroll            |     3 |       |     2 |     8 |     7 |    14 |     4 |     4 |    36 ||    78
       Potion            |       |       |     5 |     3 |       |     4 |     4 |       |     9 ||    25
 Stab: Invisible         |       |       |       |     1 |       |     2 |       |       |       ||     3
       Distracted        |       |       |       |     6 |     4 |     5 |     4 |     3 |    12 ||    34
       Sleeping          |       |       |       |       |     2 |       |       |     1 |       ||     3
Armor: Leather armour    |    29 |    26 |    24 |       |       |       |       |       |       ||    79
       Steam dragon scal |       |       |    80 |   234 |   113 |       |       |       |       ||   427
       Skin              |       |       |     5 |       |       |       |       |       |       ||     5
       Ring mail         |       |       |       |       |    19 |   145 |    16 |    65 |     1 ||   246
       Scale mail        |       |       |       |       |       |       |    73 |       |   149 ||   222
       Plate armour      |       |       |       |       |       |       |       |       |    48 ||    48
Dodge: Dodged            |    84 |    53 |   162 |   356 |   285 |   280 |   105 |   164 |   227 ||  1716
Block: Buckler           |       |       |       |       |       |    86 |       |       |       ||    86
       Other             |       |       |       |       |       |     1 |       |       |       ||     1
       Kite shield       |       |       |       |       |       |     2 |   189 |   197 |   319 ||   707
       Tower shield      |       |       |       |       |       |       |       |       |   136 ||   136

Table legend: (Time is in decaauts)
 A = Elapsed time spent in this place.
 B = Non-inter-level travel time spent in this place.
 C = Inter-level travel time spent in this place.
 D = Time resting spent in this place.
 E = Time spent auto-exploring this place.
 F = Levels seen in this place.
 G = Mean time per level.
                   A        B        C        D        E       F      G
               +--------+--------+--------+--------+--------+-----+--------+
         Total |  70234 |  63057 |   7177 |   4526 |  42538 |  59 | 1190.4 |
       Dungeon |  20453 |  17835 |   2618 |   1819 |  11576 |  15 | 1363.5 |
          Lair |   6387 |   5680 |    707 |     67 |   4219 |   5 | 1277.4 |
        Shoals |   5192 |   4832 |    360 |    397 |   3420 |   4 | 1298.0 |
     Snake Pit |   5887 |   5428 |    459 |      0 |   4397 |   4 | 1471.8 |
    Slime Pits |   2663 |   2346 |    317 |    339 |   1479 |   5 |  532.6 |
  Orcish Mines |   1468 |   1301 |    167 |    100 |    773 |   2 |  734.0 |
   Elven Halls |   4194 |   3747 |    447 |    122 |   2673 |   3 | 1398.0 |
        Vaults |   7464 |   6875 |    589 |    347 |   4728 |   4 | 1866.0 |
         Crypt |   3532 |   3325 |    207 |     66 |   2296 |   3 | 1177.3 |
        Depths |   6929 |   5868 |   1061 |    914 |   3702 |   4 | 1732.2 |
           Zot |   4127 |   3887 |    240 |    162 |   2842 |   5 |  825.4 |
         Abyss |   1090 |   1090 |      0 |    160 |      0 |   2 |  545.0 |
        Bazaar |    372 |    372 |      0 |      0 |    257 |   2 |  186.0 |
      Gauntlet |    469 |    469 |      0 |     32 |    174 |   1 |  469.0 |
               +--------+--------+--------+--------+--------+-----+--------+

Top non-repeatable levels by time:
     D:6: 3261 daAuts
Depths:3: 2808 daAuts
Vaults:2: 2020 daAuts
 Snake:4: 1933 daAuts
     D:8: 1915 daAuts
Vaults:3: 1879 daAuts
Vaults:4: 1857 daAuts
   Elf:3: 1854 daAuts
     D:4: 1840 daAuts
 Crypt:3: 1774 daAuts
     D:5: 1772 daAuts
Vaults:1: 1707 daAuts
 Snake:2: 1630 daAuts
   Elf:2: 1554 daAuts
    D:10: 1544 daAuts
